 Dungeon Crawl Stone Soup version 0.22-a0-467-g5c5de1c (webtiles) character file.

1657829 wearedevo the Toy (level 27, 219/219 (221) HPs)
             Began as a Gnoll Chaos Knight on June 6, 2018.
             Escaped with the Orb
             ... and 3 runes on June 10, 2018!
             The game lasted 05:03:45 (74276 turns).

wearedevo the Toy (Gnoll Chaos Knight)             Turns: 74276, Time: 05:03:46

HP:   219/219 (221) AC: 44    Str: 14    XL:     27
MP:   40/40         EV: 15    Int: 30    God:    Xom [......]
Gold: 8013          SH: 20    Dex: 17    Spells: 17/62 levels left

rFire    + + +     SeeInvis +   G - +9 demon blade (flame)
rCold    + + .     Gourm    .   Y - +5 shield {rC+ rF+}
rNeg     + + .     Faith    .   R - +6 plate armour of Xom's Pride {rF++ rC+ rN++}
rPois    .         Spirit   .   e - +3 crown of Dyrovepreva {rElec Int+2 SInv}
rElec    +         Reflect  .   P - scarf {repulsion}
rCorr    .         Harm     .   x - +1 pair of gloves {archery}
MR       ++++.                  v - +2 pair of boots of Narcissism {rF+ rC- MR+}
Stlth    +.........             b - amulet of regeneration
HPRegen  1.26/turn              I - ring of wizardry
MPRegen  0.27/turn              a - +6 ring of protection

@: repel missiles
A: distributed training, claws 1, fangs 1, repulsion field 1, icy blue scales 1,
agile 1, blurry vision 1, clever 1, cold resistance 1, low mp 1, magic
resistance 1, mutation resistance 1, regeneration 1, screaming 1, shaggy fur 2,
weak 1, strong nose
0: Orb of Zot
}: 3/15 runes: barnacled, silver, gossamer
a: Renounce Religion


You escaped.
You worshipped Xom.
You were a very special plaything of Xom.
You were not hungry.

You visited 9 branches of the dungeon, and saw 49 of its levels.
You visited the Abyss 2 times.
You also visited: Sewer, Ossuary, Bailey, Ice Cave and Desolation.

You collected 9914 gold pieces.
You spent 1901 gold pieces at shops.

Inventory:

Hand Weapons
 G - a +9 demon blade of flaming (weapon)
Missiles
 s - 29 javelins
 z - 16 javelins of returning
 C - 20 poisoned javelins (quivered)
 Q - 16 throwing nets {!f}
Armour
 e - the +3 crown of Dyrovepreva (worn) {rElec Int+2 SInv}
   (You found it on level 3 of the Elven Halls)

   It affects your intelligence (+2).
   It insulates you from electricity.
   It lets you see invisible.
 u - the +4 moon troll leather armour {Spirit, Regen++ MP+5}
   (You found it in the Desolation of Salt)

   It affects your magic capacity (+5).
   It increases your rate of regeneration.
 v - the +2 pair of boots of Narcissism (worn) {rF+ rC- MR+}
   (Xom gifted it to you on level 2 of the Realm of Zot)

   It protects you from fire.
   It makes you vulnerable to cold.
   It affects your resistance to hostile enchantments.
 x - a +1 pair of gloves of archery (worn)
 P - a scarf of repulsion (worn)
 R - the +6 plate armour of Xom's Pride (worn) {rF++ rC+ rN++}
   (Xom gifted it to you on level 2 of the Lair of Beasts)

   It greatly protects you from fire.
   It protects you from cold.
   It greatly protects you from negative energy.
 Y - a +5 shield of resistance (worn)
Jewellery
 a - a +6 ring of protection (right hand)
 b - an amulet of regeneration (around neck)
 D - an uncursed ring of wizardry
 F - an uncursed ring of positive energy
 I - a ring of wizardry (left hand)
 K - an uncursed ring of protection from cold
Wands
 m - a wand of disintegration (47)
 n - a wand of clouds (3)
 J - a wand of acid (59)
 S - a wand of iceblast (35)
Scrolls
 d - 39 scrolls of remove curse {@r2}
 h - 13 scrolls of enchant armour
 j - 6 scrolls of holy word
 k - 2 scrolls of brand weapon
 l - 2 scrolls of fear
 o - 6 scrolls of fog
 y - 19 scrolls of identify {@r1}
 A - 3 scrolls of blinking
 H - 13 scrolls of teleportation
 O - 3 scrolls of magic mapping
 Z - 3 scrolls of summoning
Potions
 f - 6 potions of invisibility
 g - 8 potions of curing {@q1}
 i - 3 potions of resistance
 q - 9 potions of brilliance
 r - 2 potions of magic
 L - 13 potions of heal wounds
 N - 3 potions of cancellation
 T - 2 potions of agility
 U - 6 potions of ambrosia
 V - 2 potions of might
 X - 7 potions of mutation
Miscellaneous
 p - a lamp of fire
 t - a fan of gales
 E - a phial of floods
 M - 2 boxes of beasts
 W - a lightning rod (4/4)
Comestibles
 c - 45 rations


   Skills:
 + Level 19.0 Fighting
 + Level 18.2 Short Blades
 + Level 18.2 Long Blades
 + Level 18.2 Axes
 + Level 19.0 Maces & Flails
 + Level 18.2 Polearms
 + Level 18.2 Staves
 + Level 18.2 Slings
 + Level 18.2 Bows
 + Level 18.2 Crossbows
 + Level 18.2 Throwing
 + Level 18.6 Armour
 + Level 18.3 Dodging
 + Level 18.2 Stealth
 + Level 18.2 Shields
 + Level 18.2 Unarmed Combat
 + Level 18.2 Spellcasting
 + Level 15.7 Conjurations
 + Level 15.7 Hexes
 + Level 15.7 Charms
 + Level 15.7 Summonings
 + Level 15.7 Necromancy
 + Level 15.7 Translocations
 + Level 15.7 Transmutations
 + Level 15.7 Fire Magic
 + Level 15.7 Ice Magic
 + Level 15.7 Air Magic
 + Level 15.7 Earth Magic
 + Level 15.7 Poison Magic
 + Level 19.5 Invocations
 + Level 18.2 Evocations


You had 17 spell levels left.
You knew the following spells:

 Your Spells              Type           Power        Failure   Level  Hunger
a - Sticky Flame          Conj/Fire      #######.     1%          4    None
b - Petrify               Tmut/Erth      #######.     1%          4    None
c - Regeneration          Chrm/Necr      #######...   1%          3    None
d - Spectral Weapon       Hex/Chrm       #######.     1%          3    None
e - Mephitic Cloud        Conj/Pois/Air  #######.     1%          3    None
f - Animate Dead          Necr           N/A          1%          4    None
g - Statue Form           Tmut/Erth      #######..    2%          6    #......
h - Summon Mana Viper     Hex/Summ       #######.     1%          5    None
i - Borgnjor's Vile Clut  Necr/Erth      #######...   1%          5    None
j - Ignition              Fire           #######...   69%         8    ######.

Your spell library contained the following spells:

 Spells                   Type           Power        Failure   Level  Hunger
 Cause Fear               Hex            #######...   1%          4    None
 Magic Dart               Conj           ####         1%          1    None
 Fireball                 Conj/Fire      #######...   1%          5    None
 Apportation              Tloc           ######       1%          1    None
 Conjure Flame            Conj/Fire      #######.     1%          3    None
 Bolt of Fire             Conj/Fire      #######...   2%          6    #......
 Bolt of Cold             Conj/Ice       #######...   2%          6    #......
 Lightning Bolt           Conj/Air       #######...   1%          5    None
 Bolt of Magma            Conj/Fire/Erth #######...   1%          5    None
 Slow                     Hex            #######.     1%          2    None
 Confuse                  Hex            #######.     1%          3    None
 Invisibility             Hex            #######.     2%          6    #......
 Throw Flame              Conj/Fire      ######       1%          2    None
 Throw Frost              Conj/Ice       ######       1%          2    None
 Freezing Cloud           Conj/Ice/Air   #######...   2%          6    #......
 Ring of Flames           Chrm/Fire      #######...   14%         7    ####...
 Venom Bolt               Conj/Pois      #######...   1%          5    None
 Teleport Other           Tloc           #######.     1%          3    None
 Summon Small Mammal      Summ           ####         1%          1    None
 Bolt of Draining         Conj/Necr      #######...   1%          5    None
 Lehudib's Crystal Spear  Conj/Erth      #######...   69%         8    ######.
 Fire Storm               Conj/Fire      #######...   100%        9    #######
 Blink                    Tloc           N/A          1%          2    None
 Iskenderun's Mystic Bla  Conj           #######.     1%          4    None
 Pain                     Necr           ####         1%          1    None
 Animate Skeleton         Necr           N/A          1%          1    None
 Vampiric Draining        Necr           #######...   1%          3    None
 Freeze                   Ice            ####         1%          1    None
 Ozocubu's Refrigeration  Ice            #######...   2%          6    #......
 Summon Ice Beast         Ice/Summ       #######.     1%          4    None
 Ozocubu's Armour         Chrm/Ice       #######.     1%          3    None
 Call Imp                 Summ           #######.     1%          2    None
 Dispel Undead            Necr           #######.     1%          5    None
 Poison Arrow             Conj/Pois      #######...   2%          6    #......
 Sublimation of Blood     Necr           #######...   1%          2    None
 Tukima's Dance           Hex            #######.     1%          3    None
 Corpse Rot               Necr           N/A          1%          2    None
 Iron Shot                Conj/Erth      #######...   2%          6    #......
 Stone Arrow              Conj/Erth      ######       1%          3    None
 Shock                    Conj/Air       ####         1%          1    None
 Swiftness                Chrm/Air       #######.     1%          2    None
 Recall                   Summ/Tloc      N/A          1%          3    None
 Agony                    Necr           #######.     1%          5    None
 Spider Form              Tmut/Pois      #######...   1%          3    None
 Ice Form                 Ice/Tmut       #######.     1%          4    None
 Dragon Form              Tmut           #######...   14%         7    ####...
 Deflect Missiles         Chrm/Air       #######...   2%          6    #......
 Throw Icicle             Conj/Ice       #######.     1%          4    None
 Glaciate                 Conj/Ice       #######...   100%        9    #######
 Confusing Touch          Hex            ######       1%          1    None
 Flame Tongue             Conj/Fire      #####        1%          1    None
 Ignite Poison            Fire/Tmut/Pois #######.     1%          3    None
 Call Canine Familiar     Summ           #######.     1%          3    None
 Ensorcelled Hibernation  Hex/Ice        ######       1%          2    None
 Metabolic Englaciation   Hex/Ice        #######...   1%          5    None
 Summon Butterflies       Summ           #######.     1%          1    None
 Silence                  Hex/Air        #######...   1%          5    None
 Shatter                  Erth           #######...   100%        9    #######
 Static Discharge         Conj/Air       #######.     1%          3    None
 Corona                   Hex            #######      1%          1    None
 Alistair's Intoxication  Tmut/Pois      #######.     1%          5    None
 Sandblast                Erth           ######       1%          1    None
 Simulacrum               Ice/Necr       #######...   2%          6    #......
 Chain Lightning          Conj/Air       #######...   69%         8    ######.
 Excruciating Wounds      Chrm/Necr      #######...   1%          5    None
 Portal Projectile        Hex/Tloc       ######       1%          3    None
 Passage of Golubria      Tloc           N/A          1%          4    None
 Orb of Destruction       Conj           #######...   14%         7    ####...
 Tornado                  Air            #######...   100%        9    #######
 Leda's Liquefaction      Hex/Erth       #######...   1%          4    None
 Summon Hydra             Summ           #######...   14%         7    ####...
 Darkness                 Hex            #######...   2%          6    #......
 Shroud of Golubria       Chrm/Tloc      #######...   1%          2    None
 Inner Flame              Hex/Fire       #######.     1%          3    None
 Iskenderun's Battlesphe  Conj/Chrm      #######.     1%          5    None
 Fulminant Prism          Conj/Hex       #######...   1%          4    None
 Dazzling Spray           Conj/Hex       ######       1%          3    None
 Force Lance              Conj/Tloc      #######.     1%          4    None
 Infusion                 Chrm           ####         1%          1    None
 Song of Slaying          Chrm           #######.     1%          2    None
 Searing Ray              Conj           ######       1%          2    None
 Discord                  Hex            #######...   69%         8    ######.
 Summon Forest            Summ/Tloc      #######...   1%          5    None
 Dragon's Call            Summ           #######...   100%        9    #######
 Spellforged Servitor     Conj/Summ      #######...   14%         7    ####...
 Hydra Form               Tmut           #######...   2%          6    #......
 Gell's Gravitas          Tloc           #######...   1%          3    None
 Yara's Violent Unravell  Hex/Tmut       #######...   1%          5    None
 Lesser Beckoning         Tloc           #######...   1%          3    None
 Poisonous Vapours        Pois/Air       ######       1%          2    None


Dungeon Overview and Level Annotations

Branches:
Dungeon (15/15)            Temple (0/1) D:5            Lair (6/6) D:11
 Shoals (4/4) Lair:2       Spider (4/4) Lair:4        Slime (0/5) Lair:5
    Orc (2/2) D:9             Elf (3/3) Orc:2        Vaults (5/5) D:13
  Crypt (0/3) Vaults:2     Depths (5/5) D:15            Zot (5/5) Depths:5

Altars:
Ashenzari
Cheibriados
Dithmenos
Elyvilon
Fedhas
Gozag
Hepliaklqana
Kikubaaqudgha
Makhleb
Nemelex Xobeh
Okawaru
Trog
Uskayaw
Vehumet
Wu Jian
Xom
Yredelemnul
Zin
The Shining One
Beogh
Jiyva

Shops:
D:4 *   D:14 *   Orc:2 ([*}   Elf:1 [(:   Vaults:1 *   Vaults:4 [   Depths:1 ?%

Portals:
Hell: Depths:1 Depths:2 Depths:3 Depths:4 Depths:5
Abyss: Depths:4
Pandemonium: Depths:3
Ziggurat: Depths:1
Trove: Vaults:4 (give horn of Geryon)

Annotations:
Depths:2 1 transporter
Zot:2 2 transporters


Innate Abilities, Weirdness & Mutations

Your experience applies equally to all skills.
You have very sharp teeth.
Your uncanny sense of smell can sniff out nearby items.
You have sharp fingernails.
You are surrounded by a mild repulsion field. (EV +2)
You are partially covered in icy blue scales. (AC +2)
You are agile. (Dex +2)
Scrolls take you a little longer to read.
Your mind is acute. (Int +2)
Your flesh is cold resistant. (rC+)
Your magical capacity is low. (-10% MP)
You are resistant to hostile enchantments. (MR+)
You are somewhat resistant to further mutation.
Your natural rate of healing is unusually fast.
You occasionally shout uncontrollably at your foes.
You are covered in thick fur. (AC +2)
You are weak. (Str -2)


Message History

What level of the Dungeon? (default 1, ? - help)
You hear a grinding noise.
There is a stone staircase leading up here.
You hear a grinding noise.
You climb upwards.
There is a stone staircase leading down here.
There is a stone staircase leading up here.
You climb upwards.
There is a stone staircase leading down, spattered with blood here.
You see here a leather armour.
HP restored.
There is a stone staircase leading up here.
You climb upwards.
There is a stone staircase leading down here.
There is a stone staircase leading up here.
You climb upwards.
There is a stone staircase leading down here.
Health restored: 219
There is a staircase leading out of the dungeon here.
You have escaped!

.## #.# ##.##>.## #.# #.#
#.###.###.#.###.# #.#
#.##.###..##.##.# #.#
#..##.#...#.###.# .##
##.#............# ##
#.#.#########..# #
#.#.).........)# ######## #
#..............# #.......
#########.......@......# #.......
........#..............###..#####
#######.#...................##
#.....#########......#.##
#.###............##.###.## #.#
#....###.##....## ##.## #.#
#...## #.##..##.###.... #.#
#..#####.##..###.#.#### #.#
#............# #..##


There were no monsters in sight!

Vanquished Creatures
  5 orbs of fire (Zot:5)
  3 ancient liches
  A juggernaut (Depths:3)
  Boris (Vaults:4)
  Margery (Vaults:5)
  A curse toe (Zot:4)
  7 caustic shrikes
  12 golden dragons
  Nikola (Spider:2)
  A bone dragon (Depths:5)
  An electric golem (Zot:5)
  Jorgrun (Depths:3)
  10 tentacled monstrosities
  2 liches
  An Ice Fiend (D:9)
  5 quicksilver dragons
  24 Orb Guardians
  5 titans
  5 deep elf blademasters
  5 deep elf master archers
  7 sphinxes
  3 krakens
  6 death cobs
  5 tengu reavers
  2 tentacled starspawn (Abyss:4)
  12 shadow dragons
  12 storm dragons
  3 draconian monks
  Ilsuiw (Shoals:4)
  6 frost giants
  An azure jelly (shapeshifter) (Depths:4)
  7 fire giants
  12 vault wardens
  8 ghost moths
  3 deep elf elementalists
  A balrug (Depths:3)
  2 iron dragons
  7 deep elf sorcerers
  An imperial myrmidon (Desolation)
  11 draconian scorchers
  6 draconian knights
  2 orc warlords (Depths:4)
  8 emperor scorpions
  The ghost of samfromsteam the Severer, a journeyman MiBe of Trog (Lair:6)
  Louise (Shoals:2)
  Aizul (Shoals:2)
  11 draconian stormcallers
  7 draconian shifters
  A juggernaut zombie (Depths:2)
  7 draconian annihilators
  8 ironheart preservers
  A stone giant (shapeshifter) (Depths:5)
  2 war gargoyles
  A reaper (Depths:3)
  2 spriggan defenders (Depths:5)
  21 very ugly things
  3 entropy weavers
  7 black draconians
  20 stone giants
  8 green draconians
  2 vampire knights
  Nessos (D:12)
  8 deep elf demonologists
  A halazid warlock (Desolation)
  5 deep elf annihilators
  9 yellow draconians
  9 purple draconians
  6 spark wasps
  A blizzard demon (Depths:3)
  13 white draconians
  10 red draconians
  2 crystal guardians (Desolation)
  9 ettins
  8 deep elf death magi
  5 merfolk impalers
  3 merfolk javelineers
  12 fire dragons
  7 deep elf high priests
  Harold (D:12)
  7 servants of whispers (Desolation)
  Fannar (D:12)
  6 ragged hierophants (Desolation)
  4 rakshasas
  7 great orbs of eyes
  A hydra (shapeshifter) (Zot:5)
  29 vault guards
  5 hydras
  8 ice dragons
  20 yaktaur captains
  A merfolk avatar (Lair:6)
  5 spriggan air magi
  5 ogre magi
  3 peacekeepers
  7 centaur warriors
  An alligator snapping turtle (Zot:3)
  An anaconda (Spider:4)
  Erica (D:8)
  An alligator (shapeshifter) (Vaults:5)
  5 merfolk aquamancers
  A two-headed ogre (shapeshifter) (Vaults:3)
  28 two-headed ogres
  9 deep troll shamans
  A satyr (Shoals:4)
  5 death knights
  An anaconda (shapeshifter) (Depths:1)
  31 dancing weapons
  2 hell hogs (Depths:2)
  14 tengu warriors
  2 vampire magi
  10 deep troll earth magi
  18 spriggan berserkers
  An orc high priest (Orc:1)
  A shock serpent (Depths:5)
  24 deep elf knights
  3 iron trolls
  3 soul eaters
  5 sun demons
  3 skeletal warriors
  A shadow wraith (Vaults:4)
  A wretched star (Abyss:4)
  2 quicksilver dragon simulacra (Depths:3)
  8 sea snakes
  13 hell knights
  A cherub (D:9)
  A sixfirhy (Zot:1)
  3 flayed ghosts
  An unseen horror (D:12)
  4 glowing orange brains
  A sea snake (shapeshifter) (Vaults:4)
  30 deep trolls
  15 deep elf archers
  4 wizards
  3 golden dragon zombies
  17 ironbrand convokers
  10 phantasmal warriors
  17 harpies
  A glowing orange brain (shapeshifter) (Depths:1)
  24 orc knights
  A mana viper (Spider:4)
  10 necromancers
  2 harpies (shapeshifter)
  26 wolf spiders
  2 lindwurms (Lair:6)
  A wolf spider zombie (D:15)
  A frost giant zombie (D:15)
  A shadow dragon skeleton (Depths:4)
  19 orb spiders
  58 ugly things
  A stone giant zombie (D:15)
  13 manticores
  62 deep elf magi
  19 fauns
  3 orc sorcerers
  3 oklob plants
  12 cyclopes
  11 large abominations
  A faun (shapeshifter) (Vaults:5)
  2 elephants (Lair:6)
  24 moths of wrath
  4 ice statues
  A moth of wrath (shapeshifter) (Vaults:3)
  2 centaur zombies
  15 vault sentinels
  An apocalypse crab (Abyss:4)
  9 merfolk sirens
  A black mamba (shapeshifter) (Elf:1)
  3 black mambas
  2 orange demons
  2 smoke demons (Abyss:4)
  9 water nymphs
  A guardian serpent (Desolation)
  5 spiny frogs
  8 rust devils
  A human zombie (Vaults:4)
  A spiny frog (shapeshifter) (Vaults:3)
  2 centaur skeletons
  A gargoyle (D:10)
  A rime drake (Lair:1)
  2 komodo dragons (shapeshifter)
  7 komodo dragons
  A storm dragon simulacrum (Depths:4)
  A rime drake (shapeshifter) (Vaults:3)
  12 ice devils
  3 efreet
  2 kobold demonologists
  An ancient zyme (Abyss:4)
  A guardian mummy (D:15)
  15 demonic crawlers
  8 freezing wraiths
  A red devil (D:9)
  60 yaktaurs
  A queen bee (shapeshifter) (Vaults:2)
  6 trolls
  5 tengu conjurers
  A tormentor (Abyss:4)
  A human skeleton (Vaults:4)
  A wind drake (shapeshifter) (Vaults:1)
  4 polar bears
  25 merfolk
  15 hornets
  24 jumping spiders
  8 wind drakes
  49 saltlings
  15 hippogriffs
  9 snapping turtles
  14 blink frogs
  8 dream sheep
  20 slime creatures
  2 dream sheep (shapeshifter)
  A snapping turtle (shapeshifter) (Vaults:5)
  A ynoxinul (Abyss:4)
  A spriggan (shapeshifter) (Vaults:5)
  4 spriggans
  2 flying skulls (Depths:3)
  2 shadows (Depths:3)
  50 redbacks
  8 wyverns
  23 tarantellas
  A wyvern (shapeshifter) (Depths:5)
  A fire dragon skeleton (D:15)
  A yak (shapeshifter) (Depths:5)
  An air elemental (Elf:1)
  3 fire elementals
  4 basilisks
  38 yaks
  5 fire bats (Elf:1)
  3 chaos spawn
  9 water elementals
  6 wraiths
  A steam dragon (D:11)
  3 vampire mosquitoes (D:13)
  3 hungry ghosts
  4 neqoxecs (Abyss:4)
  10 wargs
  A spatial vortex (Shoals:3)
  A deep troll zombie (Vaults:4)
  3 acid dragons
  10 porcupines
  21 hell hounds
  A soldier ant (D:14)
  10 water moccasins
  Duvessa (D:5)
  Purgy (Sewer)
  A floating eye (Depths:5)
  2 ice beasts
  3 sky beasts
  2 small abominations (Abyss:4)
  66 orc warriors
  An eye of draining (Depths:5)
  A phantom (D:6)
  3 black bears
  3 ettin simulacra (Depths:3)
  17 ogres
  4 wolves
  9 boggarts
  23 centaurs
  The ghost of DrEnzyme the Sneak, an amateur OpWn (D:3)
  18 crocodiles
  8 big kobolds
  A big kobold (shapeshifter) (Vaults:4)
  4 elf zombies (Elf:1)
  20 bullfrogs
  Dowan (D:5)
  An earth elemental (Elf:2)
  5 water moccasin zombies
  A wyvern zombie (D:8)
  4 scorpions
  A water moccasin skeleton (D:9)
  A troll zombie (D:9)
  2 human simulacra
  5 killer bees (D:11)
  3 electric eels
  4 howler monkeys
  10 crimson imps
  A bullfrog zombie (D:11)
  A quasit (D:6)
  2 draconian simulacra (IceCv)
  7 jellies
  20 orc priests
  A hound (D:10)
  18 orc wizards
  2 bullfrog skeletons
  3 iguanas
  A worker ant (shapeshifter) (Depths:3)
  15 worker ants
  2 spriggan simulacra
  2 centaur simulacra (IceCv)
  4 big kobold zombies (Ossuary)
  7 ogre zombies (D:9)
  A hound zombie (D:7)
  A hound skeleton (D:8)
  2 mummies (Ossuary)
  2 worker ant zombies
  A howler monkey skeleton (D:8)
  15 gnolls
  3 naga simulacra (IceCv)
  15 adders
  2 ogre simulacra (IceCv)
  2 river rats (D:4)
  3 shadow imps
  2 white imps (Lair:6)
  4 oozes (Lair:5)
  2 adder skeletons
  6 adder zombies
  3 worms
  5 leopard geckos
  144 orcs
  5 ball pythons
  3 bats
  7 giant cockroaches
  22 goblins
  5 hobgoblins (D:2)
  21 jackals
  16 kobolds
  3 quokkas
  11 frilled lizards
  2 gnoll zombies (Ossuary)
  4 goblin zombies (D:9)
  3 hobgoblin skeletons (D:9)
  8 hobgoblin zombies
  2 kobold zombies (Ossuary)
  3 orc skeletons (D:9)
  16 orc zombies
  2 quokka zombies
  7 rats
  A fire vortex (Depths:3)
  3 fungi (D:11)
  8 plants
  2 spectral weapons
  7 tentacles
2451 creatures vanquished.

Vanquished Creatures (collateral kills)
  An orb of fire (Zot:5)
  A golden dragon (Zot:1)
  Arachne (Spider:2)
  A quicksilver dragon (Zot:1)
  A deep elf master archer (Elf:3)
  A deep elf elementalist (Elf:3)
  A draconian scorcher (Zot:1)
  A draconian annihilator (Abyss:4)
  An entropy weaver (Spider:3)
  A vampire knight (Depths:3)
  A deep elf demonologist (Vaults:2)
  2 deep elf death magi
  A ragged hierophant (Desolation)
  A deep elf high priest (Elf:3)
  2 merfolk impalers (Shoals:4)
  A great orb of eyes (Abyss:4)
  A peacekeeper (Desolation)
  A hydra (D:8)
  A merfolk avatar (Shoals:1)
  A death knight (Vaults:2)
  A satyr (Shoals:4)
  2 dancing weapons (Elf:2)
  A wretched star (Abyss:4)
  A deep elf knight (Elf:2)
  3 sea snakes
  A skeletal warrior (Depths:3)
  A flayed ghost (Vaults:1)
  3 harpies
  2 orb spiders (Spider:4)
  5 ugly things
  3 deep elf magi
  A cyclops (Shoals:4)
  A shining eye (shapeshifter) (Vaults:5)
  3 moths of wrath
  2 fauns
  A vault sentinel (Vaults:1)
  6 merfolk sirens
  A rust devil (Depths:3)
  A water nymph (Shoals:3)
  An efreet (Depths:3)
  A freezing wraith (Vaults:1)
  3 yaktaurs (Vaults:1)
  A demonic crawler (Spider:4)
  4 merfolk
  A troll (Lair:4)
  A wind drake (Shoals:3)
  A raiju (shapeshifter) (Vaults:1)
  3 saltlings (Desolation)
  A hornet (Vaults:1)
  5 dream sheep
  2 snapping turtles
  A redback (Spider:4)
  A tarantella (Spider:4)
  An elf zombie (Vaults:1)
  A hungry ghost (D:9)
  A neqoxec (Abyss:4)
  An orc warrior (Orc:1)
  A black bear (Spider:2)
  An ogre (D:8)
  Blork the orc (D:5)
  A big kobold (D:8)
  An elf simulacrum (Vaults:1)
  A killer bee (D:11)
  An orc priest (D:5)
  2 orc wizards
  An orc (Orc:1)
  A goblin zombie (D:9)
  An orc skeleton (D:9)
  An orc zombie (D:9)
  2 crawling corpses (Elf:3)
  3 plants
  A tentacle (Shoals:3)
110 creatures vanquished.

Vanquished Creatures (others)
  A deep elf blademaster (Elf:3)
  A draconian knight (Zot:5)
  A war gargoyle (Depths:3)
  A vampire knight (Depths:4)
  3 merfolk javelineers (Shoals:4)
  A deep elf death mage (Vaults:2)
  An ettin (Vaults:5)
  A rakshasa (Depths:2)
  A yaktaur captain (Vaults:1)
  A centaur warrior (Vaults:3)
  3 dancing weapons
  A satyr (Shoals:4)
  2 ogre magi (Vaults:1)
  2 deep elf archers
  2 harpies (Shoals:2)
  A deep elf mage (Elf:1)
  4 fauns
  A manticore (Shoals:4)
  A moth of wrath (Zot:5)
  A water nymph (Shoals:3)
  A yaktaur (Vaults:2)
  A tengu conjurer (Depths:3)
  2 hornets
  A dream sheep (Elf:1)
  2 spriggans
  A fire bat (Elf:1)
  2 orc warriors (Orc:1)
  An ogre (Vaults:3)
  An orc wizard (Orc:1)
  2 orcs (Orc:1)
  An orc zombie (D:9)
  5 bushes (Shoals:2)
  A fire vortex (Depths:3)
  30 fungi
  A lurking horror (Abyss:4)
  56 plants
  35 spectral weapons
  11 starspawn tentacles (Abyss:4)
  23 tentacles
  2 withered plants (D:15)
209 creatures vanquished.

Grand Total: 2770 creatures vanquished

Notes
Turn   | Place    | Note
-------+----------+-------------------------------------------
     0 | D:1      | wearedevo the Gnoll Chaos Knight began the quest for the Orb.
     0 | D:1      | Reached XP level 1. HP: 23/23 MP: 1/1
    63 | D:1      | XOM: potion effect (haste)
    71 | D:1      | Reached XP level 2. HP: 28/29 MP: 2/2
   104 | D:1      | XOM: harmless Pois miscast
   619 | D:2      | Found a blossoming altar of Fedhas.
   632 | D:2      | Reached XP level 3. HP: 33/35 MP: 3/3
   693 | D:2      | Reached skill level 1 in Invocations
   712 | D:2      | XOM: harmless Erth miscast
   784 | D:2      | XOM: harmless Necr miscast
   799 | D:2      | Reached skill level 1 in Short Blades
   799 | D:2      | Reached skill level 1 in Long Blades
   799 | D:2      | Reached skill level 1 in Axes
   799 | D:2      | Reached skill level 1 in Polearms
   799 | D:2      | Reached skill level 1 in Staves
   799 | D:2      | Reached skill level 1 in Slings
   799 | D:2      | Reached skill level 1 in Bows
   799 | D:2      | Reached skill level 1 in Crossbows
   799 | D:2      | Reached skill level 1 in Throwing
   799 | D:2      | Reached skill level 1 in Stealth
   799 | D:2      | Reached skill level 1 in Shields
   799 | D:2      | Reached skill level 1 in Unarmed Combat
   799 | D:2      | Reached skill level 1 in Spellcasting
   799 | D:2      | Reached skill level 1 in Evocations
   799 | D:2      | Reached XP level 4. HP: 24/41 MP: 5/5
  1023 | D:2      | XOM: divination: detect items
  1217 | D:2      | XOM: divination: detect items
  1254 | D:2      | You fall through a shaft for 2 floors!
  1265 | D:4      | Found a basalt altar of Yredelemnul.
  1348 | D:4      | Reached skill level 1 in Conjurations
  1348 | D:4      | Reached skill level 1 in Hexes
  1348 | D:4      | Reached skill level 1 in Charms
  1348 | D:4      | Reached skill level 1 in Summonings
  1348 | D:4      | Reached skill level 1 in Necromancy
  1348 | D:4      | Reached skill level 1 in Translocations
  1348 | D:4      | Reached skill level 1 in Transmutations
  1348 | D:4      | Reached skill level 1 in Fire Magic
  1348 | D:4      | Reached skill level 1 in Ice Magic
  1348 | D:4      | Reached skill level 1 in Air Magic
  1348 | D:4      | Reached skill level 1 in Earth Magic
  1348 | D:4      | Reached skill level 1 in Poison Magic
  1348 | D:4      | Reached XP level 5. HP: 40/47 MP: 5/7
  1399 | D:4      | Found Heroqut's General Store.
  1400 | D:4      | XOM: harmless Summ miscast
  1584 | D:4      | Found a glowing drain.
  1610 | Sewer    | Entered a sewer
  1661 | Sewer    | Noticed Purgy
  1661 | Sewer    | XOM: potion effect (might)
  1664 | Sewer    | XOM: potion effect (haste)
  1672 | Sewer    | Killed Purgy
  1672 | Sewer    | Reached XP level 6. HP: 44/53 MP: 8/8
  1781 | Sewer    | XOM: divination: detect items
  1895 | D:4      | XOM: divination: detect creatures
  1925 | D:4      | Found a shattered altar of Ashenzari.
  1988 | D:4      | Reached skill level 5 in Armour
  1994 | D:4      | Found a snail-covered altar of Cheibriados.
  2030 | D:4      | Found a burning altar of Makhleb.
  2030 | D:4      | Noticed an Executioner
  2031 | D:4      | Found a glowing silver altar of Zin.
  2031 | D:4      | Noticed an angel
  2095 | D:4      | Bought a +0 shield for 58 gold pieces
  2095 | D:4      | Bought a scroll of blinking for 97 gold pieces
  2157 | D:4      | Found a hazy altar of Hepliaklqana.
  2210 | D:4      | XOM: cloud trail
  2717 | D:4      | Reached XP level 7. HP: 47/59 MP: 10/10
  2823 | D:5      | Entered Level 5 of the Dungeon
  2837 | D:3      | Noticed DrEnzyme's ghost (amateur OpWn)
  2870 | D:3      | Killed DrEnzyme's ghost
  3008 | D:3      | XOM: give mutations
  3008 | D:3      | Gained mutation: You are partially covered in thin metallic scales. (AC +2) [Xom's grace]
  3008 | D:3      | Gained mutation: You are partially covered in iridescent scales. (AC +2) [Xom's grace]
  3008 | D:3      | Gained mutation: You are partially covered in icy blue scales. (AC +2) [Xom's grace]
  3008 | D:3      | Gained mutation: You are resistant to hostile enchantments. (MR+) [Xom's grace]
  3691 | D:5      | Noticed Blork the orc
  3694 | D:5      | XOM: confuse monster(s)
  3696 | D:5      | XOM: destruction
  3698 | D:5      | Killed Blork the orc
  3775 | D:5      | XOM: 8-stop teleportation journey
  4083 | D:5      | Found a staircase to the Ecumenical Temple.
  4115 | D:5      | Reached XP level 8. HP: 67/67 MP: 12/12
  4128 | D:5      | Noticed Duvessa
  4128 | D:5      | Noticed Dowan
  4137 | D:5      | XOM: confuse monster(s)
  4151 | D:5      | Killed Duvessa
  4164 | D:5      | Killed Dowan
  4377 | D:5      | XOM: potion effect (invisibility)
  4385 | D:5      | XOM: god gift: scroll labeled OBESEG TIQU {god gift}
  4860 | D:6      | Found a sand-covered staircase.
  4866 | Ossuary  | Entered an ossuary
  4925 | Ossuary  | XOM: harmless Erth miscast
  4940 | Ossuary  | Reached XP level 9. HP: 70/72 MP: 14/14
  4978 | Ossuary  | XOM: blink monster(s)
  5080 | Ossuary  | XOM: noise
  5140 | D:6      | Got a heavy robe
  5151 | D:6      | Identified the +2 robe "Cacsiuja" {rF++ rC+ MR-} (You found it on level 6 of the Dungeon)
  5467 | D:7      | XOM: divination: detect creatures
  5473 | D:7      | XOM: smoke on damage
  5660 | D:7      | XOM: god gift: metal-bound book {god gift}
  5710 | D:7      | XOM: harmless Fire miscast
  5844 | D:7      | XOM: divination: magic mapping
  5845 | D:7      | Found a white marble altar of Elyvilon.
  5851 | D:7      | Found an ornate altar of the Wu Jian Council.
  5852 | D:7      | Found a radiant altar of Vehumet.
  5854 | D:7      | Found a shimmering altar of Xom.
  5865 | D:7      | Reached skill level 5 in Dodging
  5978 | D:6      | XOM: polymorph wyvern -> worm
  5988 | D:6      | XOM: polymorph orc warrior -> wolf
  6009 | D:7      | Noticed a cyclops
  6019 | D:7      | XOM: cast spell 'Leda's Liquefaction'
  6020 | D:7      | Noticed a hornet
  6026 | D:7      | XOM: enchant monster (good)
  6027 | D:8      | XOM: stealth player
  6067 | D:8      | XOM: summons 4 hostile demons
  6068 | D:8      | Noticed a smoke demon
  6072 | D:7      | Killed a cyclops
  6072 | D:7      | Reached skill level 5 in Invocations
  6077 | D:7      | Noticed a polar bear
  6077 | D:7      | a hornet changed into a polar bear
  6077 | D:7      | XOM: polymorph hornet -> polar bear
  6084 | D:7      | XOM: medium Tmut miscast
  6090 | D:7      | HP: 1/111 [slime creature (9)]
  6112 | D:7      | XOM: enchant monster (bad)
  6250 | D:7      | Noticed a fire crab
  6290 | D:7      | Got a crude plate armour
  6301 | D:7      | Identified the cursed +1 plate armour "Hudd" {+Fly rN++ Regen+ Str-4} (You found it on level 7 of the Dungeon)
  6328 | D:7      | Found a hide-covered altar of Uskayaw.
  6328 | D:7      | Found a shattered altar of Ashenzari.
  6330 | D:7      | Found a snail-covered altar of Cheibriados.
  6330 | D:7      | Found a radiant altar of Vehumet.
  6525 | D:8      | Reached XP level 10. HP: 71/80 MP: 17/17
  6608 | D:7      | XOM: give mutations
  6608 | D:7      | Gained mutation: You are dopey. (Int -2) [Xom's mischief]
  6608 | D:7      | Gained mutation: Armour fits poorly on your strangely shaped body. [Xom's mischief]
  6608 | D:7      | Gained mutation: You are weak. (Str -2) [Xom's mischief]
  6677 | D:8      | XOM: enchant monster (good)
  6765 | D:7      | XOM: give mutations
  6765 | D:7      | Gained mutation: You have a pair of small horns on your head. [Xom's grace]
  6765 | D:7      | Gained mutation: You are agile. (Dex +2) [Xom's grace]
  6765 | D:7      | Gained mutation: You possess an exceptional clarity of mind. [Xom's grace]
  6906 | D:8      | XOM: cloud trail
  6967 | D:8      | XOM: silly message
  6979 | D:8      | XOM: scenery: create altars
  7136 | D:8      | XOM: 1-stop teleportation journey
  7138 | D:8      | Noticed a two-headed hydra
  7147 | D:8      | XOM: summons 3 friendly demons
  7150 | D:8      | Reached skill level 5 in Short Blades
  7150 | D:8      | Reached skill level 5 in Long Blades
  7150 | D:8      | Reached skill level 5 in Axes
  7150 | D:8      | Reached skill level 5 in Polearms
  7150 | D:8      | Reached skill level 5 in Staves
  7150 | D:8      | Reached skill level 5 in Slings
  7150 | D:8      | Reached skill level 5 in Bows
  7150 | D:8      | Reached skill level 5 in Crossbows
  7150 | D:8      | Reached skill level 5 in Throwing
  7150 | D:8      | Reached skill level 5 in Stealth
  7150 | D:8      | Reached skill level 5 in Shields
  7150 | D:8      | Reached skill level 5 in Unarmed Combat
  7150 | D:8      | Reached skill level 5 in Spellcasting
  7150 | D:8      | Reached skill level 5 in Evocations
  7157 | D:8      | Killed a two-headed hydra
  7159 | D:8      | XOM: polymorph hellwing -> ice devil
  7182 | D:8      | XOM: enchant monster (good)
  7198 | D:8      | XOM: cleaving
  7207 | D:8      | XOM: fog
  7210 | D:8      | XOM: summons 4 hostile demons
  7245 | D:8      | XOM: noise
  7253 | D:8      | XOM: repel stairs
  7279 | D:8      | XOM: harmless Fire miscast
  7521 | D:8      | XOM: enchant monster (good)
  7649 | D:8      | Learned a level 4 spell: Sticky Flame
  7700 | D:8      | XOM: harmless Summ miscast
  7835 | D:8      | XOM: harmless Necr miscast
  7958 | D:8      | XOM: mild Summ miscast
  8096 | D:9      | XOM: stat loss: -1 Int (15/17)
  8438 | D:8      | Noticed Erica
  8456 | D:8      | Killed Erica
  8547 | D:8      | Found an opulent altar of Gozag.
  8691 | D:8      | XOM: swap monsters
  8697 | D:8      | XOM: mild Pois miscast
  8900 | D:9      | Found a staircase to the Orcish Mines.
  8996 | D:9      | XOM: mild Air miscast
  9180 | D:9      | XOM: divine lightning
  9194 | D:9      | XOM: summons 5 friendly demons
  9265 | D:9      | Reached XP level 11. HP: 69/87 MP: 19/19
  9344 | D:9      | XOM: 1-stop teleportation journey
  9408 | D:9      | XOM: god gift: wand of disintegration (19)
  9454 | D:9      | XOM: give mutation
  9454 | D:9      | Gained mutation: You are highly resistant to hostile enchantments. (MR++) [Xom's grace]
  9509 | D:9      | XOM: polymorph orc -> kobold
  9603 | D:9      | Found a hide-covered altar of Uskayaw.
  9801 | D:9      | Found a shadowy altar of Dithmenos.
  9914 | D:10     | Entered Level 10 of the Dungeon
 10200 | D:10     | Noticed a two-headed ogre
 10208 | D:10     | Killed a two-headed ogre
 10259 | D:10     | XOM: mild Pois miscast
 10336 | D:10     | XOM: give mutations
 10336 | D:10     | Lost mutation: You are weak. (Str -2) [Xom's mischief]
 10336 | D:10     | Lost mutation: You have a pair of small horns on your head. [Xom's mischief]
 10411 | D:10     | Reached skill level 5 in Conjurations
 10411 | D:10     | Reached skill level 5 in Hexes
 10411 | D:10     | Reached skill level 5 in Charms
 10411 | D:10     | Reached skill level 5 in Summonings
 10411 | D:10     | Reached skill level 5 in Necromancy
 10411 | D:10     | Reached skill level 5 in Translocations
 10411 | D:10     | Reached skill level 5 in Transmutations
 10411 | D:10     | Reached skill level 5 in Fire Magic
 10411 | D:10     | Reached skill level 5 in Ice Magic
 10411 | D:10     | Reached skill level 5 in Air Magic
 10411 | D:10     | Reached skill level 5 in Earth Magic
 10411 | D:10     | Reached skill level 5 in Poison Magic
 10430 | D:10     | XOM: medium Tmut miscast
 10435 | D:10     | XOM: silly message
 10522 | D:10     | XOM: 7-stop teleportation journey
 10880 | D:10     | XOM: cast spell 'Ring of Flames'
 11037 | D:11     | Found a radiant altar of Vehumet.
 11071 | D:11     | XOM: summons 2 friendly demons
 11190 | D:11     | Found a staircase to the Lair.
 11195 | D:11     | XOM: god gift: hat {god gift}
 11207 | D:11     | Noticed a cyan ugly thing
 11207 | D:11     | Noticed a cyan ugly thing
 11326 | D:11     | Noticed a two-headed ogre
 11327 | D:11     | Noticed a two-headed ogre
 11353 | D:10     | Killed a two-headed ogre
 11359 | D:10     | XOM: god gift: 55 gold pieces
 11406 | D:10     | XOM: scenery: 1 doors close
 11440 | D:10     | XOM: give mutations
 11440 | D:10     | Gained mutation: You are covered in fur. (AC +1) [Xom's grace]
 11440 | D:10     | Gained mutation: You are extremely resistant to the effects of hostile enchantments. (MR+++) [Xom's grace]
 11451 | D:11     | XOM: cast spell 'Metabolic Englaciation'
 11454 | D:11     | Killed a two-headed ogre
 11479 | D:11     | XOM: summons friendly shadow imp
 11482 | D:11     | XOM: confuse monster(s)
 11494 | D:11     | Noticed a seven-headed hydra
 11496 | D:11     | XOM: blink monster(s)
 11561 | D:10     | XOM: god gift: dagger {god gift}
 11755 | D:11     | XOM: potion effect (might)
 11757 | D:11     | XOM: potion effect (agility)
 11781 | D:11     | Reached XP level 12. HP: 90/96 MP: 22/22
 11795 | D:11     | Learned a level 4 spell: Petrify
 11822 | D:11     | Found a burning altar of Makhleb.
 11849 | D:11     | XOM: potion effect (agility)
 11856 | D:11     | Killed a seven-headed hydra
 11991 | D:11     | XOM: divination: detect items
 12494 | D:11     | Noticed a green death
 12552 | Lair:1   | Entered Level 1 of the Lair of Beasts
 13221 | Lair:1   | XOM: silly message
 13753 | Lair:1   | XOM: harmless Hex miscast
 13805 | Lair:1   | XOM: divination: magic mapping
 13814 | Lair:1   | XOM: divination: detect items
 13847 | Lair:1   | XOM: smoke on damage
 14329 | Lair:1   | Learned a level 3 spell: Regeneration
 14333 | Lair:1   | Learned a level 3 spell: Spectral Weapon
 14626 | Lair:2   | XOM: god gift: 19 gold pieces
 14649 | Lair:2   | XOM: god gift: smoking plate armour {god gift}
 14650 | Lair:2   | Got a smoking plate armour {god gift}
 14660 | Lair:2   | XOM: fog
 14687 | Lair:2   | Identified the +6 plate armour of Xom's Pride {rF++ rC+ rN++} (Xom gifted it to you on level 2 of the Lair of Beasts)
 14762 | Lair:2   | You fall through a shaft!
 14772 | Lair:3   | XOM: fog
 14773 | Lair:3   | XOM: summons friendly ufetubus
 14774 | Lair:3   | XOM: summons 2 friendly demons
 14775 | Lair:3   | XOM: fake destruction
 14777 | Lair:3   | XOM: cast spell 'Metabolic Englaciation'
 14911 | Lair:2   | Noticed a six-headed hydra
 14919 | Lair:2   | Killed a six-headed hydra
 14994 | Lair:2   | XOM: cleaving
 15013 | Lair:2   | Found a staircase to the Shoals.
 15022 | Lair:2   | Identified the +1 hunting sling "Burullie" {venom, rF+ MR+ Dex+4} (You found it on level 2 of the Lair of Beasts)
 15028 | Lair:2   | XOM is BORED!
 15028 | Lair:2   | XOM: medium Tloc miscast
 15162 | Lair:2   | XOM: god gift: 17 sling bullets
 15200 | Lair:2   | Reached skill level 10 in Fighting
 15200 | Lair:2   | Reached skill level 10 in Maces & Flails
 15263 | Lair:2   | XOM: god gift: ration
 15608 | Lair:3   | XOM: god gift: 750 gold pieces
 15678 | Lair:3   | XOM: severe Pois miscast
 15751 | Lair:3   | XOM: summons 5 hostile demons
 15862 | Lair:3   | XOM: god gift: curved bone wand {god gift}
 16284 | Lair:4   | Reached XP level 13. HP: 103/103 MP: 24/24
 16386 | Lair:4   | XOM: 2-stop teleportation journey
 16437 | Lair:4   | XOM: give mutations
 16437 | Lair:4   | Gained mutation: Your muscles are strong. (Str +2) [Xom's grace]
 16437 | Lair:4   | Gained mutation: You are covered in thick fur. (AC +2) [Xom's grace]
 16655 | Lair:4   | XOM: polymorph yak -> yaktaur
 16722 | Lair:4   | XOM: summons 2 hostile demons
 16808 | Lair:4   | XOM: medium Air miscast
 16933 | Lair:4   | XOM: summons 6 hostile demons
 17233 | Lair:4   | Found a hole to the Spider Nest.
 17237 | Lair:4   | XOM: chaos cloud
 17241 | Lair:4   | XOM: severe Tmut miscast
 17241 | Lair:4   | Lost mutation: You are extremely resistant to the effects of hostile enchantments. (MR+++) [the severe capriciousness of Xom]
 17284 | Lair:4   | XOM: fog
 17422 | Lair:4   | XOM: smoke on damage
 17917 | Lair:5   | Found a staircase to the Slime Pits.
 18407 | Lair:5   | XOM: harmless Summ miscast
 18641 | Lair:5   | XOM: medium Ice miscast
 18790 | Lair:5   | XOM: summons 6 hostile demons
 19021 | Lair:6   | Entered Level 6 of the Lair of Beasts
 19123 | Lair:6   | Noticed samfromsteam's ghost (journeyman MiBe)
 19142 | Lair:5   | XOM: medium Necr miscast
 19160 | Lair:5   | XOM: cloud trail
 19197 | Lair:6   | XOM: confuse monster(s)
 19213 | Lair:6   | Noticed an ice dragon
 19213 | Lair:6   | XOM: cast spell 'Cause Fear'
 19215 | Lair:6   | XOM: summons friendly ufetubus
 19221 | Lair:6   | XOM: harmless Conj miscast
 19234 | Lair:6   | Killed an ice dragon
 19315 | Lair:5   | XOM: mild Tloc miscast
 19381 | Lair:6   | XOM: cloud trail
 19445 | Lair:6   | XOM: polymorph wind drake -> black mamba
 19463 | Lair:6   | XOM: divination: detect items
 19636 | Lair:5   | XOM: polymorph elephant -> cyclops
 19730 | Lair:6   | XOM: potion effect (invisibility)
 19836 | Lair:6   | XOM: potion effect (invisibility)
 19908 | Lair:6   | XOM: summons 2 friendly demons
 19916 | Lair:6   | XOM: polymorph wyvern -> warg
 19917 | Lair:6   | XOM: scenery: create altars
 19920 | Lair:6   | XOM: potion effect (haste)
 19935 | Lair:6   | XOM: god gift: glowing plate armour {god gift}
 19943 | Lair:6   | XOM: enchant monster (good)
 20153 | Lair:6   | XOM: enchant monster (good)
 20195 | Lair:6   | XOM: scenery: create altars
 20249 | Lair:6   | Reached XP level 14. HP: 87/111 MP: 26/26
 20593 | Lair:6   | XOM: potion effect (might)
 20711 | Lair:6   | XOM: scenery: create altars
 20719 | Lair:6   | XOM: divination: magic mapping
 20723 | Lair:6   | XOM: enchant monster (good)
 20913 | Lair:5   | XOM: god gift: wand of iceblast (6)
 20930 | Lair:5   | XOM: give mutations
 20930 | Lair:5   | Gained mutation: You have a pair of small horns on your head. [Xom's grace]
 20930 | Lair:5   | Gained mutation: You passively map a small area around you. [Xom's grace]
 21047 | Lair:6   | XOM: divine lightning
 21054 | Lair:6   | XOM: fog
 21066 | Lair:6   | Killed samfromsteam's ghost
 21216 | Lair:6   | XOM is BORED!
 21216 | Lair:6   | XOM: medium Summ miscast
 21398 | Lair:6   | XOM: noise
 21732 | Orc:1    | Entered Level 1 of the Orcish Mines
 21740 | Orc:1    | Reached skill level 10 in Armour
 21768 | D:9      | XOM: smoke on damage
 21780 | D:9      | XOM: divination: magic mapping
 21795 | D:9      | XOM: divination: detect creatures
 21798 | D:9      | XOM: summons friendly ufetubus
 22136 | D:9      | XOM: polymorph orc sorcerer -> dream sheep
 22466 | Orc:2    | Entered Level 2 of the Orcish Mines
 22470 | Orc:2    | XOM: summons friendly quasit
 22486 | Orc:2    | XOM: cast spell 'Summon Dragon'
 22547 | Orc:1    | XOM: potion effect (berserk rage)
 22625 | Orc:1    | XOM: cast spell 'Summon Small Mammal'
 22813 | Orc:2    | XOM: harmless Tmut miscast
 22816 | Orc:2    | XOM: potion effect (haste)
 22819 | Orc:2    | XOM: divination: magic mapping
 22828 | Orc:2    | XOM: divination: magic mapping
 22834 | Orc:2    | XOM: chaos upgrade
 22925 | Orc:1    | XOM: give mutations
 22925 | Orc:1    | Gained mutation: You are very agile. (Dex +4) [Xom's grace]
 22925 | Orc:1    | Gained mutation: You have sharp toenails. [Xom's grace]
 23116 | Orc:1    | XOM: summons 13 friendly demons
 23169 | Orc:1    | XOM: noise
 23246 | Orc:1    | XOM: 1-stop teleportation journey
 23255 | Orc:1    | XOM: mild Air miscast
 23256 | Orc:1    | XOM: swap monsters
 23272 | Orc:1    | XOM: summons friendly ufetubus
 23493 | Orc:1    | XOM: give mutations
 23493 | Orc:1    | Lost mutation: You possess an exceptional clarity of mind. [Xom's mischief]
 23493 | Orc:1    | Lost mutation: You are dopey. (Int -2) [Xom's mischief]
 23797 | Orc:2    | XOM: give mutations
 23797 | Orc:2    | Gained mutation: Your natural rate of healing is unusually fast. [Xom's grace]
 23797 | Orc:2    | Gained mutation: Your muscles are very strong. (Str +4) [Xom's grace]
 23842 | Orc:2    | XOM: torment (69/113 hp)
 23948 | Orc:2    | XOM: enchant monster (good)
 24013 | Orc:2    | XOM: summons 14 friendly demons
 24051 | Orc:2    | XOM: swap monsters
 24058 | Orc:2    | XOM: god gift: potion of heal wounds
 24108 | Orc:2    | XOM: 3-stop teleportation journey
 24111 | Orc:2    | XOM: harmless Chrm miscast
 24270 | Orc:2    | Reached skill level 10 in Invocations
 24298 | Orc:2    | XOM: mild Ice miscast
 24340 | Orc:2    | Found a staircase to the Elven Halls.
 24451 | Orc:2    | XOM: summons 2 hostile demons
 24597 | Orc:2    | Found Wuygolul's Assorted Antiques.
 24597 | Orc:2    | Found Vaulluash's Armour Shop.
 24599 | Orc:2    | Found Senipratui's Weapon Boutique.
 24601 | Orc:2    | Found Ozuhuich's Gadget Emporium.
 24605 | Orc:2    | XOM: give mutations
 24605 | Orc:2    | Lost mutation: You passively map a small area around you. [Xom's mischief]
 24605 | Orc:2    | Lost mutation: You are highly resistant to hostile enchantments. (MR++) [Xom's mischief]
 24605 | Orc:2    | Lost mutation: Armour fits poorly on your strangely shaped body. [Xom's mischief]
 24642 | Orc:2    | XOM: summons 4 hostile shadow creatures
 24795 | Orc:2    | XOM: summons 4 hostile demons
 25038 | D:12     | Noticed Nessos
 25038 | D:12     | XOM: summons friendly shadow imp
 25041 | D:12     | XOM: scenery: create altars
 25044 | D:12     | Found a flagged portal.
 25047 | D:12     | Killed Nessos
 25058 | Bailey   | Entered a bailey
 25266 | Bailey   | XOM: 1-stop teleportation journey
 25272 | Bailey   | XOM: confusion
 25353 | Bailey   | XOM: give mutations
 25353 | Bailey   | Gained mutation: You occasionally shout uncontrollably at your foes. [Xom's mischief]
 25353 | Bailey   | Lost mutation: You are very agile. (Dex +4) [Xom's mischief]
 25461 | Bailey   | XOM: harmless Tloc miscast
 25613 | D:12     | Noticed Psyche
 25615 | D:12     | Noticed Psyche
 25615 | D:12     | Psyche changed into Psyche the blink frog
 25619 | D:12     | Killed Psyche the blink frog
 25625 | D:12     | Noticed Fannar
 25625 | D:12     | XOM: divination: detect creatures
 25632 | D:12     | Killed Fannar
 25701 | D:12     | XOM: divination: detect creatures
 25851 | D:12     | Noticed Harold
 25853 | D:12     | XOM: harmless Chrm miscast
 25878 | D:12     | Killed Harold
 26439 | D:12     | XOM: give mutation
 26439 | D:12     | Gained mutation: Your system is resistant to poisons. (rPois) [Xom's grace]
 26655 | D:13     | XOM: summons 2 friendly demons
 26656 | D:13     | Reached XP level 15. HP: 108/119 MP: 28/28
 26898 | D:13     | Reached skill level 10 in Dodging
 26964 | D:13     | XOM: cloud trail
 27105 | D:13     | Found a gate to the Vaults.
 27383 | D:14     | Found Ugeg Zoh's Assorted Antiques.
 27614 | D:14     | Found a frozen archway.
 27637 | IceCv    | Entered an ice cave
 27646 | IceCv    | XOM: fake destruction
 27683 | IceCv    | XOM: harmless Erth miscast
 27807 | IceCv    | XOM: god gift: shiny shield {god gift}
 28075 | IceCv    | XOM: polymorph ice devil -> orange demon
 28087 | IceCv    | XOM: harmless Conj miscast
 28220 | D:14     | Bought a scroll of teleportation for 93 gold pieces
 28496 | D:14     | Found a glowing golden altar of the Shining One.
 28547 | D:15     | Entered Level 15 of the Dungeon
 28565 | D:15     | Reached skill level 10 in Short Blades
 28565 | D:15     | Reached skill level 10 in Long Blades
 28565 | D:15     | Reached skill level 10 in Axes
 28565 | D:15     | Reached skill level 10 in Polearms
 28565 | D:15     | Reached skill level 10 in Staves
 28565 | D:15     | Reached skill level 10 in Slings
 28565 | D:15     | Reached skill level 10 in Bows
 28565 | D:15     | Reached skill level 10 in Crossbows
 28565 | D:15     | Reached skill level 10 in Throwing
 28565 | D:15     | Reached skill level 10 in Stealth
 28565 | D:15     | Reached skill level 10 in Shields
 28565 | D:15     | Reached skill level 10 in Unarmed Combat
 28565 | D:15     | Reached skill level 10 in Spellcasting
 28565 | D:15     | Reached skill level 10 in Evocations
 28581 | D:15     | XOM: destruction
 28668 | D:15     | XOM: polymorph basilisk -> crocodile
 28702 | D:15     | Found a staircase to the Depths.
 28702 | D:15     | XOM: swap monsters
 28703 | D:15     | XOM: medium Tloc miscast
 28705 | D:15     | XOM: medium Ice miscast
 28778 | D:14     | XOM: give mutation
 28778 | D:14     | Lost mutation: You have sharp toenails. [Xom's mischief]
 28827 | D:15     | XOM: potion effect (brilliance)
 28915 | D:15     | XOM: enchant monster (bad)
 28929 | D:15     | XOM: 1-stop teleportation journey
 29143 | D:15     | XOM: noise
 29178 | D:15     | XOM: enchant monster (good)
 29275 | D:15     | Found a burning altar of Makhleb.
 29536 | D:15     | XOM: chaos cloud
 29871 | Spider:1 | Entered Level 1 of the Spider Nest
 29932 | Spider:1 | XOM: divination: detect creatures
 29949 | Spider:1 | Noticed an emperor scorpion
 30027 | Spider:1 | Killed an emperor scorpion
 30027 | Spider:1 | Reached XP level 16. HP: 92/127 MP: 22/30
 30090 | Spider:1 | XOM: medium Erth miscast
 30091 | Spider:1 | XOM: noise
 30156 | Spider:1 | XOM: enchant monster (good)
 30175 | Lair:4   | Learned a level 3 spell: Mephitic Cloud
 30230 | Spider:1 | XOM: noise
 30479 | Spider:1 | XOM: divination: detect items
 30486 | Spider:1 | XOM: enchant monster (good)
 30597 | Spider:1 | XOM: cloud trail
 30682 | Spider:1 | XOM is BORED!
 30682 | Spider:1 | XOM: give mutations
 30682 | Spider:1 | Lost mutation: You are partially covered in thin metallic scales. (AC +2) [Xom's mischief]
 30682 | Spider:1 | Lost mutation: You occasionally shout uncontrollably at your foes. [Xom's mischief]
 30682 | Spider:1 | Lost mutation: Your muscles are very strong. (Str +4) [Xom's mischief]
 30682 | Spider:1 | Lost mutation: Your muscles are strong. (Str +2) [Xom's mischief]
 30740 | Spider:1 | XOM: cleaving
 30816 | Spider:1 | XOM: give mutations
 30816 | Spider:1 | Gained mutation: You are somewhat resistant to further mutation. [Xom's grace]
 30816 | Spider:1 | Gained mutation: Your flesh is heat resistant. (rF+) [Xom's grace]
 30816 | Spider:1 | Gained mutation: Your flesh is cold resistant. (rC+) [Xom's grace]
 30816 | Spider:1 | Gained mutation: You can translocate small distances at will. [Xom's grace]
 30932 | Spider:1 | XOM: scenery: create altars
 31057 | Spider:2 | XOM: polymorph jumping spider -> orb spider
 31189 | Spider:2 | Noticed Nikola
 31189 | Spider:2 | XOM: scenery: create altars
 31194 | Spider:2 | XOM: summons friendly quasit
 31217 | Spider:2 | Noticed Arachne
 31227 | Spider:2 | XOM: polymorph orb spider -> black bear
 31232 | Spider:2 | Killed Nikola
 31243 | Spider:2 | XOM: cast spell 'Summon Horrible Things'
 31257 | Spider:2 | Killed Arachne
 31326 | Spider:2 | XOM: summons friendly white imp
 31779 | Spider:3 | XOM: cleaving
 31857 | Spider:3 | XOM: summons friendly crimson imp
 31858 | Spider:3 | XOM: summons friendly quasit
 31880 | Spider:3 | XOM: 9-stop teleportation journey
 31886 | Spider:3 | XOM: polymorph crimson imp -> iron imp
 31886 | Spider:3 | Lost mutation: You have a pair of small horns on your head. [mutagenic glow]
 31888 | Spider:3 | XOM: scenery: create altars
 32040 | Spider:2 | XOM: give mutations
 32040 | Spider:2 | Lost mutation: You are covered in thick fur. (AC +2) [Xom's mischief]
 32040 | Spider:2 | Gained mutation: You are dopey. (Int -2) [Xom's mischief]
 32160 | Spider:2 | XOM: give mutation
 32160 | Spider:2 | Gained mutation: You are highly resistant to hostile enchantments. (MR++) [Xom's grace]
 32209 | Spider:2 | XOM: cloud trail
 32363 | Spider:2 | HP: 5/129 [wolf spider (16)]
 32485 | Spider:2 | XOM: summons 2 friendly demons
 32680 | Spider:3 | XOM: scenery: create altars
 32687 | Spider:3 | XOM: cleaving
 32736 | Spider:3 | XOM: enchant monster (good)
 32993 | Spider:3 | XOM: scenery: create altars
 33062 | Spider:3 | XOM: cloud trail
 33098 | Spider:3 | XOM: fog
 33143 | Spider:4 | Entered Level 4 of the Spider Nest
 33143 | Spider:4 | XOM: potion effect (might)
 33303 | Spider:4 | XOM: mild Air miscast
 33317 | Spider:4 | XOM: summons 4 friendly demons
 33344 | Spider:4 | XOM: potion effect (agility)
 33394 | Spider:4 | XOM: god gift: potion of brilliance
 33492 | Spider:4 | XOM: potion effect (brilliance)
 33497 | Spider:4 | Reached XP level 17. HP: 125/135 MP: 29/32
 33530 | Spider:4 | XOM: confuse monster(s)
 33694 | Spider:4 | XOM: noise
 34049 | Spider:4 | XOM: polymorph jumping spider -> mana viper
 34401 | Spider:4 | XOM: god gift: thin malachite amulet {god gift}
 34574 | Spider:4 | XOM: summons 2 friendly demons
 34579 | Spider:4 | XOM: summons 2 friendly demons
 34585 | Spider:4 | XOM: destruction
 34628 | Spider:4 | XOM: 3-stop teleportation journey
 34804 | Spider:4 | XOM: polymorph spark wasp -> anaconda
 34830 | Spider:4 | XOM: give mutations
 34830 | Spider:4 | Gained mutation: You are very agile. (Dex +4) [Xom's grace]
 34830 | Spider:4 | Gained mutation: Your spells are a little harder to cast, but a little more powerful. [Xom's grace]
 34830 | Spider:4 | Gained mutation: You have a pair of small antennae on your head. [Xom's grace]
 34830 | Spider:4 | Gained mutation: You have sharp toenails. [Xom's grace]
 34923 | Spider:4 | XOM: give mutations
 34923 | Spider:4 | Gained mutation: You are surrounded by a mild repulsion field. (EV +2) [Xom's grace]
 34923 | Spider:4 | Gained mutation: You are extremely resistant to the effects of hostile enchantments. (MR+++) [Xom's grace]
 34929 | Spider:4 | XOM: god gift: ring mail {god gift}
 35068 | Spider:4 | XOM: give mutations
 35068 | Spider:4 | Lost mutation: You are very agile. (Dex +4) [Xom's mischief]
 35068 | Spider:4 | Lost mutation: You are agile. (Dex +2) [Xom's mischief]
 35068 | Spider:4 | Lost mutation: You are extremely resistant to the effects of hostile enchantments. (MR+++) [Xom's mischief]
 35097 | Spider:4 | XOM: god gift: leatherbound book {god gift}
 35139 | Spider:4 | XOM: polymorph emperor scorpion -> something unseen
 35529 | Spider:4 | XOM: god gift: potion of degeneration
 35636 | Spider:4 | XOM: cleaving
 35639 | Spider:4 | XOM: god gift: chain mail {god gift}
 35995 | Spider:4 | Got a gossamer rune of Zot
 36098 | Spider:3 | XOM: god gift: 1520 gold pieces
 36329 | D:14     | Bought a runed peridot amulet for 155 gold pieces
 36524 | Shoals:1 | Entered Level 1 of the Shoals
 36805 | Shoals:1 | Noticed a kraken
 36822 | Shoals:1 | XOM: god gift: papyrus book {god gift}
 36854 | Shoals:1 | Learned a level 4 spell: Animate Dead
 37079 | Shoals:1 | XOM: divination: detect creatures
 37101 | Shoals:1 | XOM: give mutations
 37101 | Shoals:1 | Lost mutation: You are dopey. (Int -2) [Xom's grace]
 37101 | Shoals:1 | Gained mutation: Your spells are harder to cast, but more powerful. [Xom's grace]
 37101 | Shoals:1 | Gained mutation: Your muscles are strong. (Str +2) [Xom's grace]
 37230 | Shoals:1 | XOM: destruction
 37241 | Shoals:1 | Killed a kraken
 37304 | Shoals:1 | XOM: god gift: 2 potions of heal wounds
 37360 | Shoals:1 | XOM: scenery: create altars
 37548 | Shoals:1 | XOM: summons friendly quasit
 37562 | Shoals:1 | XOM: cast spell 'Monstrous Menagerie'
 37731 | Shoals:2 | Noticed a quicksilver dragon
 37731 | Shoals:2 | an alligator snapping turtle changed into a quicksilver dragon
 37731 | Shoals:2 | XOM: polymorph alligator snapping turtle -> quicksilver dragon
 37742 | Shoals:2 | Killed a quicksilver dragon
 37902 | Shoals:2 | XOM: snakes to sticks
 37968 | Shoals:2 | XOM: polymorph hippogriff -> harpy
 37985 | Shoals:2 | Noticed Louise
 37992 | Shoals:2 | Killed Louise
 38019 | Shoals:2 | Noticed Aizul
 38027 | Shoals:2 | XOM: noise
 38105 | Shoals:2 | Killed Aizul
 38377 | Shoals:2 | XOM: divine lightning
 38653 | Shoals:2 | Reached skill level 10 in Conjurations
 38653 | Shoals:2 | Reached skill level 10 in Hexes
 38653 | Shoals:2 | Reached skill level 10 in Charms
 38653 | Shoals:2 | Reached skill level 10 in Summonings
 38653 | Shoals:2 | Reached skill level 10 in Necromancy
 38653 | Shoals:2 | Reached skill level 10 in Translocations
 38653 | Shoals:2 | Reached skill level 10 in Transmutations
 38653 | Shoals:2 | Reached skill level 10 in Fire Magic
 38653 | Shoals:2 | Reached skill level 10 in Ice Magic
 38653 | Shoals:2 | Reached skill level 10 in Air Magic
 38653 | Shoals:2 | Reached skill level 10 in Earth Magic
 38653 | Shoals:2 | Reached skill level 10 in Poison Magic
 38677 | Shoals:2 | XOM: scenery: create altars
 38709 | Shoals:2 | XOM: summons friendly crimson imp
 38769 | Shoals:2 | XOM: summons friendly quasit
 38773 | Shoals:2 | XOM: destruction
 38779 | Shoals:2 | Reached XP level 18. HP: 135/143 MP: 33/33
 39076 | Shoals:3 | XOM: 3-stop teleportation journey
 39120 | Shoals:3 | XOM: confuse monster(s)
 39130 | Shoals:3 | XOM: snakes to sticks
 39135 | Shoals:3 | XOM: summons 3 friendly demons
 39138 | Shoals:3 | XOM: divination: detect items
 39164 | Shoals:3 | XOM: cast spell 'Summon Butterflies'
 39291 | Shoals:3 | XOM: scenery: create altars
 39293 | Shoals:3 | XOM: 4-stop teleportation journey
 39294 | Shoals:3 | XOM: fog
 39349 | Shoals:3 | XOM: medium Fire miscast
 39609 | Shoals:3 | XOM: mild Summ miscast
 40018 | Shoals:3 | XOM: noise
 40146 | Shoals:4 | Entered Level 4 of the Shoals
 40479 | Shoals:3 | XOM: noise
 40695 | Shoals:4 | XOM: cleaving
 40833 | Shoals:4 | XOM: cleaving
 41120 | Shoals:4 | XOM: stat loss: -1 Str (16/17)
 41237 | Shoals:4 | XOM: fog
 41273 | Shoals:4 | XOM: snakes to sticks
 41344 | Shoals:4 | XOM: cast spell 'Ring of Flames'
 41348 | Shoals:4 | Noticed Ilsuiw
 41361 | Shoals:4 | Killed Ilsuiw
 41361 | Shoals:4 | XOM: divination: detect items
 41570 | Shoals:4 | XOM: cloud trail
 41631 | Shoals:4 | XOM: scenery: create altars
 41822 | Shoals:4 | Got a barnacled rune of Zot
 41984 | Shoals:4 | XOM: fog
 42455 | Vaults:1 | Entered Level 1 of the Vaults
 42504 | D:13     | XOM: cleaving
 42554 | Vaults:1 | Reached XP level 19. HP: 109/151 MP: 35/35
 42555 | Vaults:1 | XOM: god gift: bound sapphire amulet {god gift}
 42562 | Vaults:1 | Got a bound sapphire amulet {god gift}
 42563 | Vaults:1 | Identified the amulet "Berphen" {Gourm -Tele +Inv rElec Str+6} (Xom gifted it to you on level 1 of the Vaults)
 42659 | Vaults:1 | Learned a level 6 spell: Statue Form
 42752 | Vaults:1 | XOM: divination: magic mapping
 42753 | Vaults:1 | XOM: harmless Air miscast
 42761 | Vaults:1 | XOM: blink monster(s)
 42775 | Vaults:1 | XOM: harmless Necr miscast
 42888 | Vaults:1 | XOM: cleaving
 43105 | Vaults:1 | XOM: harmless Air miscast
 43109 | Vaults:1 | XOM: potion effect (brilliance)
 43122 | Vaults:1 | XOM: divination: detect creatures
 43145 | Vaults:1 | XOM: summons 11 friendly demons
 43187 | Vaults:1 | XOM: divination: detect items
 43202 | Vaults:1 | XOM: potion effect (invisibility)
 43337 | Vaults:1 | Identified the +1 robe "Viuhi" {Str+2} (You found it on level 1 of the Vaults)
 43427 | Vaults:1 | XOM: chaos upgrade
 43431 | Vaults:1 | XOM: confusion (+ monsters)
 43558 | Vaults:1 | Found Egyda's Assorted Antiques.
 43563 | Vaults:1 | XOM: give mutation
 43563 | Vaults:1 | Lost mutation: You are partially covered in iridescent scales. (AC +2) [Xom's mischief]
 43984 | Vaults:1 | XOM: blink monster(s)
 44208 | Vaults:1 | XOM: harmless Fire miscast
 44397 | Vaults:2 | XOM: medium Pois miscast
 44614 | Vaults:2 | XOM: noise
 44616 | Vaults:2 | XOM: cleaving
 44751 | Vaults:2 | XOM: summons 1 hostile shadow creature
 44908 | Vaults:2 | XOM: confuse monster(s)
 45038 | Vaults:2 | XOM: cast spell 'Cause Fear'
 45042 | Vaults:2 | XOM: confusion (+ monsters)
 45175 | Vaults:2 | XOM: chaos upgrade
 45179 | Vaults:2 | XOM: confusion
 45182 | Vaults:2 | Noticed a Hell Sentinel
 45183 | Vaults:2 | XOM: enchant monster (good)
 45189 | Vaults:2 | Noticed a Hell Sentinel
 45189 | Vaults:2 | Noticed a Tzitzimitl
 45249 | Vaults:1 | XOM: harmless Erth miscast
 45369 | Vaults:1 | Upgraded the game from 0.22-a0-456-g11ed031 to 0.22-a0-458-gb446440
 45444 | Vaults:2 | XOM: confuse monster(s)
 45448 | Vaults:2 | Found a roughly hewn altar of Beogh.
 45462 | Vaults:2 | Reached XP level 20. HP: 143/159 MP: 36/36
 45602 | Vaults:2 | Found a staircase to the Crypt.
 45878 | Vaults:2 | XOM: noise
 45925 | Vaults:3 | XOM: scenery: create altars
 45952 | Vaults:3 | XOM: polymorph two-headed ogre -> shock serpent
 46124 | Vaults:3 | Found a ruined gateway.
 46168 | Desolati | Entered the Desolation of Salt
 46276 | Desolati | XOM: cast spell 'Alistair's Intoxication'
 46290 | Desolati | XOM: summons friendly ufetubus
 46373 | Desolati | Found the +3 sling "Punk" {acid, rCorr}
 46441 | Desolati | Identified the Guide on the Mountains and Weightlessness
 46543 | Desolati | XOM: confusion (+ monsters)
 46553 | Desolati | XOM: blink monster(s)
 46563 | Desolati | XOM: cast spell 'Summon Ice Beast'
 46596 | Desolati | XOM: destruction
 46637 | Desolati | Found the +4 moon troll leather armour {Spirit, Regen++ MP+5}
 46827 | Desolati | XOM: god gift: scroll of amnesia
 46874 | Desolati | XOM: destruction
 46908 | Desolati | Identified the Papyrus of Displaced Poison
 46915 | Desolati | Identified the Guide on Dislocated Air
 46922 | Desolati | Identified the Incunabulum of Flight and Hexes
 46957 | Desolati | XOM: cleaving
 47281 | Desolati | Identified the Almanac of Torrid Poisoning
 47293 | Desolati | Identified the ring "Surgh" {rPois rN+} (You took it off a ragged hierophant in the Desolation of Salt)
 47408 | Desolati | XOM: divination: magic mapping
 47718 | Vaults:3 | XOM: harmless Summ miscast
 47863 | Vaults:3 | XOM: divination: magic mapping
 47867 | Vaults:3 | XOM: confuse monster(s)
 47874 | Vaults:3 | XOM: summons 5 friendly demons
 47879 | Vaults:3 | XOM: divination: magic mapping
 47880 | Vaults:3 | XOM: god gift: 2 scrolls of teleportation
 47882 | Vaults:3 | Noticed a Brimstone Fiend
 47899 | Vaults:3 | XOM: harmless Conj miscast
 48007 | Vaults:3 | XOM: harmless Conj miscast
 48011 | Vaults:3 | XOM: cast spell 'Alistair's Intoxication'
 48700 | Vaults:4 | XOM: stealth player
 48722 | Vaults:4 | XOM: mild Air miscast
 48860 | Vaults:4 | XOM: divination: detect items
 48862 | Vaults:4 | Reached XP level 21. HP: 153/166 MP: 38/38
 48898 | Vaults:4 | XOM: 1-stop teleportation journey
 48967 | Vaults:4 | Noticed Boris
 48996 | Vaults:4 | Killed Boris
 49029 | Vaults:4 | XOM: harmless Pois miscast
 49053 | Vaults:4 | XOM: harmless Pois miscast
 49055 | Vaults:4 | XOM: enchant monster (good)
 49073 | Vaults:4 | XOM: 1-stop teleportation journey
 49138 | Vaults:4 | XOM: confusion (+ monsters)
 49139 | Vaults:4 | XOM: potion effect (heal wounds)
 49180 | Vaults:4 | XOM: harmless Hex miscast
 49298 | Vaults:4 | Found Fadiqol's Antique Armour Shoppe.
 49318 | Vaults:4 | XOM: mild Pois miscast
 49327 | Vaults:4 | Found a portal to a secret trove of treasure.
 49460 | Vaults:4 | XOM is BORED!
 49460 | Vaults:4 | XOM: medium Conj miscast
 49654 | Vaults:4 | Noticed Saint Roka
 49659 | Vaults:4 | XOM: potion effect (agility)
 49661 | Vaults:4 | XOM: cast spell 'Cause Fear'
 49662 | Vaults:4 | Noticed Saint Roka
 49662 | Vaults:4 | Saint Roka changed into Saint Roka the shadow dragon
 49662 | Vaults:4 | XOM: polymorph Saint Roka -> Saint Roka the shadow dragon
 49674 | Vaults:4 | Noticed Saint Roka
 49674 | Vaults:4 | Saint Roka the shadow dragon changed into Saint Roka the stone giant
 49674 | Vaults:4 | XOM: polymorph Saint Roka the shadow dragon -> Saint Roka the stone giant
 49685 | Vaults:4 | Killed Saint Roka the stone giant
 49882 | Vaults:4 | XOM: cast spell 'Monstrous Menagerie'
 49965 | Vaults:4 | Reached skill level 15 in Fighting
 49965 | Vaults:4 | Reached skill level 15 in Maces & Flails
 50146 | Vaults:4 | XOM: scenery: 1 doors close
 50435 | Elf:1    | Entered Level 1 of the Elven Halls
 50444 | Elf:1    | XOM: cleaving
 50452 | Elf:1    | XOM: scenery: create altars
 50514 | Elf:1    | XOM: divine lightning
 50558 | Elf:1    | Found Bahoikla's Weapon Shop.
 50579 | Elf:1    | Found Deynn's Book Boutique.
 50650 | Elf:1    | XOM: summons friendly crimson imp
 50661 | Elf:1    | XOM: scenery: create altars
 50665 | Elf:1    | XOM: polymorph deep elf archer -> dream sheep
 50667 | Elf:1    | Reached skill level 15 in Invocations
 50794 | Elf:1    | XOM: destruction
 50906 | Elf:1    | XOM: chaos upgrade
 50908 | Elf:1    | XOM: confusion
 51040 | Elf:1    | Found Veac's Armour Emporium.
 51042 | Elf:1    | XOM: polymorph deep elf archer -> cyclops
 51168 | Elf:1    | Identified the Reference Book on Dark Rituals
 51196 | Elf:1    | XOM: medium Fire miscast
 51265 | Elf:1    | XOM: god gift: scroll of enchant armour
 51276 | Elf:1    | XOM: give mutations
 51276 | Elf:1    | Gained mutation: You have sharp fingernails. [Xom's grace]
 51276 | Elf:1    | Gained mutation: You possess an exceptional clarity of mind. [Xom's grace]
 51448 | Elf:2    | XOM: cast spell 'Necromutation'
 51466 | Elf:2    | XOM: fog
 51722 | Elf:2    | XOM: god gift: scroll of enchant weapon
 51786 | Elf:2    | XOM: summons 6 friendly demons
 51793 | Elf:2    | Found a runed gate.
 51793 | Elf:2    | Found a runed gate.
 51793 | Elf:2    | Found a runed gate.
 51814 | Elf:2    | XOM: confuse monster(s)
 51866 | Elf:2    | XOM: destruction
 51874 | Elf:2    | Reached XP level 22. HP: 175/175 MP: 34/40
 52546 | Elf:2    | XOM: give mutations
 52546 | Elf:2    | Gained mutation: You are covered in thick fur. (AC +2) [Xom's grace]
 52546 | Elf:2    | Gained mutation: You are partially covered in yellow scales. (AC +2) [Xom's grace]
 52602 | Elf:3    | Entered Level 3 of the Elven Halls
 52709 | Elf:3    | XOM: summons 8 friendly demons
 52726 | Elf:3    | XOM: summons friendly white imp
 52775 | Elf:3    | Found an ancient bone altar of Kikubaaqudgha.
 52775 | Elf:3    | XOM: 3-stop teleportation journey
 52799 | Elf:3    | XOM: summons 2 friendly demons
 52956 | Elf:3    | XOM: 6-stop teleportation journey
 53124 | Elf:3    | XOM: mild Ice miscast
 53281 | Elf:3    | XOM: 2-stop teleportation journey
 53375 | Elf:3    | XOM: swap monsters
 53384 | Elf:3    | XOM: destruction
 53480 | Elf:3    | XOM: give mutations
 53480 | Elf:3    | Gained mutation: Your mind is acute. (Int +2) [Xom's grace]
 53480 | Elf:3    | Gained mutation: Your flesh is very heat resistant. (rF++) [Xom's grace]
 53571 | Elf:3    | XOM: scenery: 2 doors close
 53584 | Elf:3    | Learned a level 5 spell: Summon Mana Viper
 53650 | Elf:3    | XOM: god gift: 32 gold pieces
 53771 | Elf:3    | XOM: scenery: 2 doors close
 53780 | Elf:3    | XOM: harmless Tloc miscast
 53835 | Elf:3    | XOM: summons 6 friendly demons
 53849 | Elf:3    | XOM: fog
 53883 | Elf:3    | XOM: confuse monster(s)
 53900 | Elf:3    | XOM: noise
 53949 | Elf:3    | XOM: chaos cloud
 53954 | Elf:3    | XOM: polymorph deep elf death mage -> iron troll
 54039 | Elf:3    | Identified the +1 broad axe "Fybleg" {venom, +Rage} (You took it off a deep elf demonologist on level 3 of the Elven Halls)
 54081 | Elf:3    | XOM: blink monster(s)
 54085 | Elf:3    | XOM: enchant monster (good)
 54212 | Elf:3    | XOM: confuse monster(s)
 54236 | Elf:3    | XOM: summons 10 friendly demons
 54247 | Elf:3    | XOM: god gift: scroll of fog
 54248 | Elf:3    | Reached skill level 15 in Armour
 54277 | Elf:3    | Found the +3 crown of Dyrovepreva {rElec Int+2 SInv}
 54322 | Elf:3    | Learned a level 5 spell: Borgnjor's Vile Clutch
 54384 | Elf:3    | Found the +2 cloak of the Thief {+Fog Slay-2 SInv Stlth+}
 54401 | Elf:3    | Identified Sif Muna's Volume of Feathers
 54769 | Depths:1 | Entered Level 1 of the Depths
 54770 | Depths:1 | XOM: polymorph two-headed ogre -> glowing orange brain
 54808 | Depths:1 | Found Xeuloh's Food Shop.
 54810 | Depths:1 | Found Akheoc's Magic Scroll Boutique.
 54822 | Depths:1 | Bought a scroll of teleportation for 42 gold pieces
 54822 | Depths:1 | Bought a scroll of blinking for 105 gold pieces
 54822 | Depths:1 | Bought a scroll of blinking for 105 gold pieces
 54822 | Depths:1 | Bought a scroll of teleportation for 42 gold pieces
 54827 | Depths:1 | Found a gateway to Hell.
 54840 | Depths:1 | XOM: cast spell 'Summon Mana Viper'
 54841 | Depths:1 | XOM: polymorph fire dragon -> anaconda
 54867 | Depths:1 | Found a gateway to a ziggurat.
 55055 | Vaults:4 | Bought a warped plate armour for 1204 gold pieces
 55055 | Vaults:4 | Identified the cursed +0 plate armour "Ripluh" {rF+} (You bought it in a shop on level 4 of the Vaults)
 55267 | Depths:1 | XOM: god gift: scroll of brand weapon
 55374 | Depths:1 | XOM is BORED!
 55374 | Depths:1 | XOM: medium Tloc miscast
 55374 | Depths:1 | Cast into level 4 of the Abyss (the capriciousness of Xom)
 55374 | Abyss:4  | Found a corrupted altar of Lugonu.
 55384 | Abyss:4  | XOM: summons friendly neqoxec
 55430 | Abyss:4  | XOM: fog
 55432 | Abyss:4  | XOM: noise
 55468 | Abyss:4  | XOM: divination: magic mapping
 55470 | Abyss:4  | XOM: enchant monster (bad)
 55474 | Abyss:4  | XOM: medium Summ miscast
 55491 | Abyss:4  | XOM: swap monsters
 55493 | Abyss:4  | XOM: harmless Hex miscast
 55498 | Abyss:4  | Found a corrupted altar of Lugonu.
 55543 | Abyss:4  | XOM: repel stairs
 55547 | Abyss:4  | XOM: cast spell 'Summon Ice Beast'
 55743 | Depths:1 | Escaped the Abyss
 55939 | Depths:1 | XOM: give mutations
 55939 | Depths:1 | Lost mutation: You possess an exceptional clarity of mind. [Xom's mischief]
 55939 | Depths:1 | Lost mutation: You have sharp toenails. [Xom's mischief]
 55939 | Depths:1 | Lost mutation: Your muscles are strong. (Str +2) [Xom's mischief]
 56231 | Depths:2 | XOM: confusion (+ monsters)
 56345 | Depths:2 | XOM: confuse monster(s)
 56355 | Depths:2 | XOM: blink monster(s)
 56384 | Depths:2 | XOM: polymorph purple ugly thing -> ice dragon
 56542 | Depths:2 | XOM: stat loss: -1 Str (15/16)
 56555 | Depths:2 | XOM: mild Fire miscast
 56580 | Depths:2 | XOM: divine lightning
 56622 | Depths:2 | Reached XP level 23. HP: 183/183 MP: 41/41
 56767 | Depths:2 | Found a transporter.
 56774 | Depths:2 | Found a viscous altar of Jiyva.
 57075 | Depths:2 | XOM: blink monster(s)
 57110 | Depths:2 | XOM: give mutations
 57110 | Depths:2 | Lost mutation: Your mind is acute. (Int +2) [Xom's mischief]
 57110 | Depths:2 | Lost mutation: Your flesh is very heat resistant. (rF++) [Xom's mischief]
 57110 | Depths:2 | Lost mutation: You can translocate small distances at will. [Xom's mischief]
 57110 | Depths:2 | Lost mutation: Your spells are harder to cast, but more powerful. [Xom's mischief]
 57198 | Depths:2 | XOM: give mutation
 57198 | Depths:2 | Lost mutation: Your system is resistant to poisons. (rPois) [Xom's mischief]
 57298 | Depths:3 | XOM: swap monsters
 57300 | Depths:3 | XOM: mild Ice miscast
 57306 | Depths:3 | XOM: swap monsters
 57319 | Depths:3 | Reached skill level 15 in Dodging
 57324 | Depths:3 | XOM: silly message
 57328 | Depths:3 | XOM: scenery: 2 doors close
 57361 | Depths:3 | XOM: polymorph elephant -> mana viper
 57373 | Depths:3 | XOM: polymorph centaur warrior -> moth of wrath
 57380 | Depths:3 | XOM: cast spell 'Dispersal'
 57467 | Depths:3 | Found a basalt altar of Yredelemnul.
 57467 | Depths:3 | Noticed a juggernaut
 57467 | Depths:3 | XOM: scenery: 2 doors open, 4 doors close
 57472 | Depths:3 | XOM: cast spell 'Summon Mana Viper'
 57478 | Depths:3 | Killed a juggernaut
 57486 | Depths:3 | XOM: confuse monster(s)
 57505 | Depths:3 | XOM: enchant monster (bad)
 57562 | Depths:3 | Noticed a caustic shrike
 57712 | Depths:3 | XOM: confusion
 57729 | Depths:3 | Found a bloodstained altar of Trog.
 57730 | Depths:3 | XOM: repel stairs
 57756 | Depths:3 | XOM: confuse monster(s)
 57796 | Depths:3 | XOM: confuse monster(s)
 57817 | Depths:3 | XOM: enchant monster (bad)
 57825 | Depths:3 | Noticed a caustic shrike
 57826 | Depths:3 | XOM: divination: detect creatures
 57826 | Depths:3 | Noticed a caustic shrike
 57827 | Depths:3 | Noticed a caustic shrike
 57827 | Depths:3 | Noticed a caustic shrike
 57827 | Depths:3 | Noticed a caustic shrike
 57827 | Depths:3 | Noticed a caustic shrike
 57838 | Depths:3 | XOM: smoke on damage
 57842 | Depths:3 | XOM: summons friendly crimson imp
 57862 | Depths:3 | XOM: potion effect (invisibility)
 57866 | Depths:3 | XOM: enchant monster (good)
 57887 | Depths:3 | XOM: confuse monster(s)
 58023 | Depths:2 | Upgraded the game from 0.22-a0-458-gb446440 to 0.22-a0-460-g49b1da7
 58032 | Depths:2 | XOM: fog
 58036 | Depths:2 | Found a transporter.
 58185 | Depths:2 | Killed a caustic shrike
 58185 | Depths:2 | Reached skill level 15 in Short Blades
 58185 | Depths:2 | Reached skill level 15 in Long Blades
 58185 | Depths:2 | Reached skill level 15 in Axes
 58185 | Depths:2 | Reached skill level 15 in Polearms
 58185 | Depths:2 | Reached skill level 15 in Staves
 58185 | Depths:2 | Reached skill level 15 in Slings
 58185 | Depths:2 | Reached skill level 15 in Bows
 58185 | Depths:2 | Reached skill level 15 in Crossbows
 58185 | Depths:2 | Reached skill level 15 in Throwing
 58185 | Depths:2 | Reached skill level 15 in Stealth
 58185 | Depths:2 | Reached skill level 15 in Shields
 58185 | Depths:2 | Reached skill level 15 in Unarmed Combat
 58185 | Depths:2 | Reached skill level 15 in Spellcasting
 58185 | Depths:2 | Reached skill level 15 in Evocations
 58217 | Depths:2 | XOM: confuse monster(s)
 58250 | Depths:2 | XOM: swap monsters
 58253 | Depths:2 | Killed a caustic shrike
 58336 | Depths:2 | Killed a caustic shrike
 58413 | Depths:3 | XOM: potion effect (magic)
 58417 | Depths:3 | Killed a caustic shrike
 58435 | Depths:3 | Killed a caustic shrike
 58527 | Depths:3 | Killed a caustic shrike
 58615 | Depths:3 | XOM: summons friendly shadow imp
 58639 | Depths:3 | XOM: harmless Ice miscast
 58725 | Depths:2 | XOM: noise
 58738 | Depths:2 | XOM: give mutations
 58738 | Depths:2 | Lost mutation: You are partially covered in yellow scales. (AC +2) [Xom's mischief]
 58738 | Depths:2 | Lost mutation: You are somewhat resistant to further mutation. [Xom's mischief]
 59036 | Depths:3 | Killed a caustic shrike
 59044 | Depths:3 | Noticed Jorgrun
 59064 | Depths:3 | Killed Jorgrun
 59159 | Depths:3 | Reached XP level 24. HP: 190/191 MP: 38/42
 59176 | Depths:3 | XOM: enchant monster (bad)
 59260 | Depths:3 | XOM: give mutations
 59260 | Depths:3 | Lost mutation: You have a pair of small antennae on your head. [Xom's mischief]
 59260 | Depths:3 | Lost mutation: Your flesh is heat resistant. (rF+) [Xom's mischief]
 59260 | Depths:3 | Lost mutation: Your spells are a little harder to cast, but a little more powerful. [Xom's mischief]
 59260 | Depths:3 | Gained mutation: Your mind is acute. (Int +2) [Xom's mischief]
 59302 | Depths:3 | XOM: smoke on damage
 59486 | Depths:3 | XOM: 7-stop teleportation journey
 59500 | Depths:3 | XOM: mild Tloc miscast
 59534 | Depths:3 | XOM: divination: detect creatures
 59592 | Depths:3 | Identified the ring of Guithrei {Str+4 Int+4} (You took it off a tengu warrior on level 3 of the Depths)
 59741 | Depths:3 | Found a radiant altar of Vehumet.
 59753 | Depths:3 | XOM: draining
 59799 | Depths:3 | Found a sparkling altar of Nemelex Xobeh.
 59799 | Depths:3 | Found a one-way gate leading to the halls of Pandemonium.
 59956 | Depths:4 | XOM: medium Conj miscast
 59957 | Depths:4 | XOM: medium Necr miscast
 60006 | Depths:4 | XOM: summons 12 hostile demons
 60054 | Depths:4 | XOM: harmless Tloc miscast
 60099 | Depths:3 | XOM: mild Fire miscast
 60102 | Depths:3 | XOM: summons 3 friendly demons
 60144 | Depths:3 | XOM: noise
 60196 | Depths:4 | XOM: chaos cloud
 60328 | Depths:3 | XOM: swap monsters
 60344 | Depths:4 | XOM: swap monsters
 60481 | Depths:4 | XOM: confuse monster(s)
 60486 | Depths:4 | XOM: repel stairs
 60490 | Depths:4 | XOM: confusion
 60538 | Depths:4 | XOM: cast spell 'Olgreb's Toxic Radiance'
 60544 | Depths:4 | XOM: mild Erth miscast
 60759 | Depths:4 | Found a one-way gate to the infinite horrors of the Abyss.
 60969 | Depths:4 | XOM: mild Air miscast
 60992 | Depths:4 | XOM: noise
 61010 | Depths:4 | XOM: cast spell 'Summon Small Mammal'
 61145 | Depths:4 | XOM: potion effect (might)
 61153 | Depths:4 | XOM: confuse monster(s)
 61175 | Depths:4 | XOM: noise
 61176 | Depths:4 | XOM: summons 5 friendly demons
 61373 | Depths:4 | XOM: give mutations
 61373 | Depths:4 | Gained mutation: You are agile. (Dex +2) [Xom's grace]
 61373 | Depths:4 | Gained mutation: You are somewhat resistant to further mutation. [Xom's grace]
 61486 | Depths:4 | XOM: cast spell 'Alistair's Intoxication'
 61563 | Depths:4 | XOM: chaos upgrade
 61677 | Depths:4 | XOM: confusion (+ monsters)
 61699 | Depths:4 | XOM: noise
 61785 | Depths:4 | XOM: mild Tmut miscast
 61932 | Depths:4 | XOM: medium Tmut miscast
 61940 | Depths:4 | Found an iron altar of Okawaru.
 61975 | Depths:4 | XOM: polymorph green draconian knight -> azure jelly
 62109 | Depths:5 | XOM: noise
 62109 | Depths:5 | Entered Level 5 of the Depths
 62113 | Depths:5 | XOM: polymorph spriggan berserker -> great orb of eyes
 62181 | Depths:4 | XOM: enchant monster (good)
 62188 | Depths:4 | XOM: divine lightning
 62307 | Depths:5 | XOM: enchant monster (good)
 62332 | Depths:5 | XOM: summons friendly quasit
 62333 | Depths:5 | XOM: cast spell 'Cause Fear'
 62344 | Depths:5 | Reached XP level 25. HP: 151/200 MP: 42/42
 62538 | Depths:5 | XOM: noise
 62572 | Depths:5 | XOM: scenery: 2 doors close
 62710 | Depths:5 | XOM: silly message
 62876 | Depths:5 | XOM: harmless Necr miscast
 62888 | Depths:5 | XOM: polymorph sphinx -> alligator snapping turtle
 62893 | Depths:5 | XOM: scenery: create altars
 62908 | Depths:5 | XOM: destruction
 62933 | Depths:5 | XOM: harmless Erth miscast
 63124 | Depths:5 | XOM: cast spell 'Summon Ice Beast'
 63149 | Depths:5 | XOM: polymorph deep elf high priest -> shock serpent
 63150 | Depths:5 | XOM: summons friendly shadow imp
 63159 | Depths:5 | XOM: mild Tloc miscast
 63169 | Depths:5 | XOM: cast spell 'Metabolic Englaciation'
 63183 | Depths:5 | XOM: noise
 63185 | Depths:5 | XOM: scenery: 1 doors close
 63191 | Depths:5 | XOM: enchant monster (good)
 63239 | Depths:5 | XOM: noise
 63254 | Depths:5 | XOM: 2-stop teleportation journey
 63423 | Depths:5 | XOM: blink monster(s)
 63437 | Depths:5 | XOM: fog
 63457 | Depths:5 | Identified a scroll of acquirement
 63613 | Depths:5 | XOM: destruction
 63659 | Depths:5 | XOM: cloud trail
 63838 | Depths:5 | Found a gate to the Realm of Zot.
 64123 | Depths:5 | Learned a level 8 spell: Ignition
 64465 | Vaults:5 | Entered Level 5 of the Vaults
 64648 | Vaults:5 | XOM: cast spell 'Summon Small Mammal'
 64778 | Vaults:5 | Reached XP level 26. HP: 208/208 MP: 27/43
 64781 | Vaults:5 | Noticed Margery
 64790 | Vaults:5 | XOM: divination: detect creatures
 64792 | Vaults:5 | Killed Margery
 65075 | Vaults:5 | XOM: fog
 65141 | Vaults:4 | Upgraded the game from 0.22-a0-460-g49b1da7 to 0.22-a0-467-g5c5de1c
 65268 | Vaults:5 | XOM: divine lightning
 65292 | Vaults:5 | XOM: summons friendly shadow imp
 65310 | Vaults:5 | Noticed an ancient lich
 65317 | Vaults:5 | XOM: summons friendly iron imp
 65325 | Vaults:5 | Killed an ancient lich
 65577 | Vaults:5 | XOM: summons friendly ynoxinul
 65709 | Vaults:5 | Got a silver rune of Zot
 66167 | Vaults:5 | XOM: medium Ice miscast
 66174 | Vaults:5 | Identified the Incunabulum of Earthen Conjuration
 66407 | Vaults:5 | XOM: harmless Tloc miscast
 66438 | Vaults:5 | XOM: harmless Tmut miscast
 66699 | Depths:3 | XOM: mild Summ miscast
 66790 | Zot:1    | Entered Level 1 of the Realm of Zot
 66805 | Zot:1    | XOM: polymorph red draconian knight -> iron troll
 66827 | Zot:1    | XOM: harmless Summ miscast
 66831 | Zot:1    | XOM: confusion (+ monsters)
 66836 | Zot:1    | XOM: enchant monster (bad)
 66849 | Depths:5 | XOM: enchant monster (good)
 66874 | Depths:5 | XOM: summons friendly crimson imp
 66952 | Zot:1    | XOM: confuse monster(s)
 67016 | Zot:1    | XOM: divination: magic mapping
 67036 | Zot:1    | XOM: noise
 67052 | Zot:1    | XOM: cloud trail
 67158 | Zot:1    | XOM: summons 10 friendly demons
 67331 | Zot:1    | XOM: mild Pois miscast
 67332 | Zot:1    | XOM: summons 9 friendly demons
 67367 | Zot:1    | XOM: divination: magic mapping
 67533 | Zot:1    | XOM: chaos upgrade
 67541 | Zot:1    | XOM: harmless Pois miscast
 67579 | Zot:1    | XOM: give mutations
 67579 | Zot:1    | Lost mutation: You are highly resistant to hostile enchantments. (MR++) [Xom's mischief]
 67579 | Zot:1    | Gained mutation: Scrolls take you a little longer to read. [Xom's mischief]
 67638 | Zot:1    | XOM: repel stairs
 67815 | Zot:1    | XOM: mild Chrm miscast
 67881 | Zot:1    | Reached XP level 27. HP: 217/217 MP: 39/43
 68177 | Zot:1    | XOM: summons friendly neqoxec
 68182 | Zot:1    | XOM: scenery: create altars
 68262 | Zot:1    | XOM: fog
 68690 | Zot:2    | XOM: noise
 68892 | Zot:2    | Identified Xom's Grimoire of Poor Excuses (Xom gifted it to you on level 2 of the Realm of Zot)
 68892 | Zot:2    | XOM: god gift: Xom's Grimoire of Poor Excuses
 68963 | Zot:2    | Found a transporter.
 69031 | Zot:2    | XOM: summons 9 friendly demons
 69114 | Zot:2    | XOM: god gift: pair of crude boots {god gift}
 69132 | Zot:2    | Identified the +2 pair of boots of Narcissism {rF+ rC- MR+} (Xom gifted it to you on level 2 of the Realm of Zot)
 69220 | Zot:2    | XOM: summons friendly shadow imp
 69223 | Zot:2    | XOM: polymorph tentacled monstrosity -> tentacled monstrosity
 69255 | Zot:2    | XOM: potion effect (magic)
 69404 | Zot:2    | Found a transporter.
 69680 | Zot:2    | XOM: harmless Conj miscast
 69889 | Zot:3    | XOM: harmless Fire miscast
 69893 | Zot:3    | XOM: enchant monster (bad)
 69913 | Zot:3    | XOM: noise
 69920 | Zot:3    | XOM: polymorph red draconian -> alligator snapping turtle
 69930 | Zot:3    | XOM: chaos upgrade
 69936 | Zot:3    | XOM: blink monster(s)
 69938 | Zot:3    | XOM: harmless Pois miscast
 69940 | Zot:3    | XOM: polymorph yellow draconian shifter -> shadow dragon
 70012 | Zot:3    | XOM: confusion (+ monsters)
 70032 | Zot:3    | XOM: chaos cloud
 70193 | Zot:3    | Paralysed by a Zot trap for 5 turns
 70417 | Zot:3    | XOM: summons 13 hostile demons
 70548 | Zot:3    | XOM: harmless Tloc miscast
 70937 | Zot:4    | XOM: polymorph ghost moth -> entropy weaver
 70974 | Zot:4    | XOM: swap monsters
 71000 | Zot:4    | XOM: noise
 71011 | Zot:4    | XOM: enchant monster (bad)
 71124 | Zot:4    | XOM: medium Conj miscast
 71250 | Zot:4    | XOM: enchant monster (bad)
 71353 | Zot:4    | XOM: confuse monster(s)
 71362 | Zot:4    | Reached skill level 15 in Conjurations
 71362 | Zot:4    | Reached skill level 15 in Hexes
 71362 | Zot:4    | Reached skill level 15 in Charms
 71362 | Zot:4    | Reached skill level 15 in Summonings
 71362 | Zot:4    | Reached skill level 15 in Necromancy
 71362 | Zot:4    | Reached skill level 15 in Translocations
 71362 | Zot:4    | Reached skill level 15 in Transmutations
 71362 | Zot:4    | Reached skill level 15 in Fire Magic
 71362 | Zot:4    | Reached skill level 15 in Ice Magic
 71362 | Zot:4    | Reached skill level 15 in Air Magic
 71362 | Zot:4    | Reached skill level 15 in Earth Magic
 71362 | Zot:4    | Reached skill level 15 in Poison Magic
 71369 | Zot:4    | XOM: summons 2 friendly demons
 71386 | Zot:4    | XOM: swap monsters
 71407 | Zot:4    | XOM: enchant monster (bad)
 71512 | Zot:4    | XOM: 2-stop teleportation journey
 71532 | Zot:4    | XOM: swap monsters
 71716 | Zot:4    | XOM: medium Hex miscast
 71925 | Zot:5    | Entered Level 5 of the Realm of Zot
 71972 | Zot:5    | XOM: potion effect (invisibility)
 72014 | Zot:5    | XOM: harmless Summ miscast
 72122 | Zot:5    | Noticed an ancient lich
 72128 | Zot:5    | Cast into level 5 of the Abyss (an ancient lich)
 72128 | Abyss:5  | Entered Level 5 of the Abyss
 72148 | Zot:5    | Escaped the Abyss
 72154 | Zot:5    | Killed an ancient lich
 72162 | Zot:5    | XOM: smoke on damage
 72246 | Zot:5    | Noticed an orb of fire
 72265 | Zot:5    | Killed an orb of fire
 72459 | Zot:5    | Noticed an ancient lich
 72475 | Zot:5    | Killed an ancient lich
 72533 | Zot:5    | XOM: potion effect (might)
 72535 | Zot:5    | XOM: potion effect (agility)
 72603 | Zot:5    | XOM: silly message
 72639 | Zot:5    | XOM: harmless Fire miscast
 72648 | Zot:5    | Noticed an orb of fire
 72651 | Zot:5    | Noticed an orb of fire
 72655 | Zot:5    | XOM: divine lightning
 72658 | Zot:5    | Killed an orb of fire
 72660 | Zot:5    | XOM: scenery: create altars
 72670 | Zot:5    | Killed an orb of fire
 72770 | Zot:5    | XOM: divine lightning
 72805 | Zot:5    | XOM: polymorph black draconian -> six-headed hydra
 72819 | Zot:5    | Noticed an orb of fire
 72835 | Zot:5    | XOM: cleaving
 72836 | Zot:5    | Noticed an orb of fire
 72845 | Zot:5    | Gained mutation: You are weak. (Str -2) [an orb of fire]
 72846 | Zot:5    | Gained mutation: Your magical capacity is low. (-10% MP) [an orb of fire]
 72861 | Zot:5    | Gained mutation: You occasionally shout uncontrollably at your foes. [an orb of fire]
 72869 | Zot:5    | XOM: divine lightning
 72876 | Zot:5    | Killed an orb of fire
 72890 | Zot:5    | Killed an orb of fire
 72893 | Zot:5    | XOM: 8-stop teleportation journey
 72903 | Zot:5    | XOM: 2-stop teleportation journey
 73185 | Zot:5    | XOM: confuse monster(s)
 73219 | Zot:5    | XOM: cleaving
 73254 | Zot:5    | XOM: divination: magic mapping
 73259 | Zot:5    | XOM: divination: detect items
 73260 | Zot:5    | XOM: summons 12 friendly demons
 73261 | Zot:5    | XOM: scenery: create altars
 73268 | Zot:5    | Noticed an orb of fire
 73277 | Zot:5    | XOM: harmless Fire miscast
 73278 | Zot:5    | Killed an orb of fire
 73491 | Zot:5    | Got the Orb of Zot
 73497 | Zot:5    | XOM: god gift: scroll of teleportation
 73515 | Zot:4    | XOM: polymorph monstrous demonspawn -> ice dragon
 73604 | Zot:1    | Noticed Tuguus the pandemonium lord
 73614 | Zot:1    | XOM: summons 12 friendly demons
 73952 | D:9      | XOM: god gift: scroll of immolation
 74276 | D:$      | Escaped with the Orb!

Vault maps used:
D:1:      minmay_arrival_semitransparent, hangedman_decor_push
D:2:      nicolae_overflow_crystal_walls
D:3:      cheibrodos_helix_gallery, first_ration
D:4:      grunt_temple_overflow_order_and_chaos_2, kennysheep_mini,
          cheibriados_altar_1, marbit_many_paths, ashenzari_conservatory_becter,
          portal_sewer_entry_e, kennysheep_windowed_goal
D:5:      minmay_temple_entry_butterflies, uniq_blork_the_orc, uniq_duvessa
D:6:      nicolae_ossuary_entry_plus, minmay_ogre_servants
D:7:      minmay_the_grid_octo_triangle, grunt_temple_overflow_open
D:8:      nicolae_gozag_cash_rules_everything_around_me, hangedman_ranch,
          uniq_erica
D:9:      lemuel_doored_altar, zombieorc2_lemuel, grunt_dithmenos_shadows
D:11:     due_lair_maze_entry_diamond, basic_altar, makhleb_altar_promises_db
D:12:     lightli_bailey_entry_fortress, uniq_fannar, uniq_psyche, uniq_nessos,
          uniq_harold
D:13:     david_vaults_1
D:14:     tso_altar, portal_ice_cave_demonic_guard, serial_shops,
          nicolae_shop_overgrown_old_shop
D:15:     gammafunk_depths_entry_grave, basic_altar, kennysheep_crisscross,
          grunt_ministairs_12
Lair:1:   minmay_lair_oklob_chamber, serial_bayou_shore_a, grunt_megastairs_1
Lair:2:   shoals_dummy_entry, infiniplex_staircase_pool_2
Lair:3:   lemuel_fruit_tree
Lair:4:   spider_nest_entry_funnel_web, beast_lair_carwin_6,
          infiniplex_staircase_pool
Lair:5:   nicolae_slime_entry_slimehenge
Lair:6:   gammafunk_lair_ancient_temple, bobbens_ice_dragon_lair
Shoals:2: cheibrodos_shoals_epimethial_gifts, yaktaur_hedge, uniq_louise,
          uniq_aizul
Shoals:4: shoals_end_simple, shoal_ilsuiw
Spider:1: spider_trap
Spider:2: nicolae_orb_stairs, nicolae_spider_cling_ruins, uniq_nikola,
          uniq_arachne
Spider:4: spider_rune_water
Orc:2:    st_orc_rangers
Elf:1:    minmay_firetagon, serial_shops, nicolae_shop_trees, shop, shop,
          minmay_elf_necromancy
Elf:3:    grunt_elf_hall_asides, basic_altar
Vaults:1: ontoclasm_vaults_bender, nicolae_vaults_network_star,
          vaults_mumra_hex, v_misc_17, hangedman_vaults_nails, v_misc_10,
          hangedman_vaults_trim, v_alt_pattern_3,
          nicolae_vaults_diagonal_hallway_7, serial_shops, nicolae_shop_stone
Vaults:2: special_room_vaults, nicolae_vaults_big_angled_halls,
          blue_anna_dwarven_crypt, vaults_dpeg_hooks, vaults_room_large_hall,
          ontoclasm_vaults_tryst, vaults_room_stairs_pillars,
          grunt_vaults_funnel, vaults_dpeg_cross,
          nicolae_vaults_yaktaur_gun_rack
Vaults:3: v_misc_10, vaults_mumra_chevron, v_alt_pattern_2, v_misc_4, v_misc_14,
          ontoclasm_vaults_twist, vaults_dpeg_encased_lava,
          ontoclasm_vaults_chip, nicolae_vaults_bisected_slash,
          portal_desolation_entry_salt
Vaults:4: v_misc_14, v_misc_18, v_rooms_5, vaults_room_octagon, v_misc_16,
          hangedman_vaults_nails, nicolae_vaults_what_the_h,
          vaults_room_hallway, vaults_standard_mumra_enter_the_diamond,
          hangedman_vaults_corner_blocks, v_pattern_4, vaults_room_semicircle,
          nicolae_vaults_diagonal_hallway_8, grunt_vaults_hallway_short,
          serial_shops, nicolae_shop_window_shopping, enter_trove_5,
          uniq_saint_roka, uniq_boris
Vaults:5: serial_shops, uniq_margery
Depths:1: enter_ziggurat_f, solitary_fountain, hell_entry,
          kennysheep_cross_room, kennysheep_underground_church, minmay_shoptagon
Depths:2: gammafunk_jiyva_shrine, minmay_misc_feat_rows, grunt_hell_horde,
          serial_bayou_shore_b, infiniplex_staircase_star
Depths:3: grunt_profane_halls, hell_entry, pan_entry, uniq_jorgrun
Depths:4: evilmike_iron_armoury, hell_entry, hangedman_abyss_entry_splay,
          serial_bayou_pond_b, infiniplex_staircase_split_hallway
Depths:5: grunt_zot_entry_alcove, hell_entry, serial_bayou_shore_b,
          item_on_display_a, grunt_megastairs_2
Zot:1:    lemuel_draconian_sentries, grunt_ministairs_15
Zot:2:    gammafunk_its_a_trap
Abyss:4:  evilmike_abyss_exit_7, nicolae_abyss_rune_star_stuff
Abyss:5:  evilmike_abyss_exit_kraken, evilmike_abyss_exit_15,
          hangedman_grunt_abyss_rune_horror_hoard, evilmike_abyss_exit_1
Sewer:    sewer_co_purgy_island
Ossuary:  ossuary_tomb_2
Bailey:   bailey_polearm_5, bailey
IceCv:    ice_cave_tombish

Skill      XL: |  1  2  3  4  5  6  7  8  9 10 11 12 13 14 15 16 17 18 19 20 21 22 23 24 25 26 27 |
---------------+----------------------------------------------------------------------------------+-----
Invocations    | 1 2 3 4 5 6 7 8 9 10 11 12 13 14 15 16 17 18 19 | 19.5
Short Blades   | 1 2 3 4 5 6 7 8 9 10 11 12 13 14 15 16 18 | 18.2
Long Blades    | 1 2 3 4 5 6 7 8 9 10 11 12 13 14 15 16 18 | 18.2
Axes           | 1 2 3 4 5 6 7 8 9 10 11 12 13 14 15 16 18 | 18.2
Polearms       | 1 2 3 4 5 6 7 8 9 10 11 12 13 14 15 16 18 | 18.2
Staves         | 1 2 3 4 5 6 7 8 9 10 11 12 13 14 15 16 18 | 18.2
Slings         | 1 2 3 4 5 6 7 8 9 10 11 12 13 14 15 16 18 | 18.2
Bows           | 1 2 3 4 5 6 7 8 9 10 11 12 13 14 15 16 18 | 18.2
Crossbows      | 1 2 3 4 5 6 7 8 9 10 11 12 13 14 15 16 18 | 18.2
Throwing       | 1 2 3 4 5 6 7 8 9 10 11 12 13 14 15 16 18 | 18.2
Stealth        | 1 2 3 4 5 6 7 8 9 10 11 12 13 14 15 16 18 | 18.2
Shields        | 1 2 3 4 5 6 7 8 9 10 11 12 13 14 15 16 18 | 18.2
Unarmed Combat | 1 2 3 4 5 6 7 8 9 10 11 12 13 14 15 16 18 | 18.2
Spellcasting   | 1 2 3 4 5 6 7 8 9 10 11 12 13 14 15 16 18 | 18.2
Evocations     | 1 2 3 4 5 6 7 8 9 10 11 12 13 14 15 16 18 | 18.2
Conjurations   | 1 2 3 4 5 6 7 8 9 10 11 12 13 14 15 | 15.7
Hexes          | 1 2 3 4 5 6 7 8 9 10 11 12 13 14 15 | 15.7
Charms         | 1 2 3 4 5 6 7 8 9 10 11 12 13 14 15 | 15.7
Summonings     | 1 2 3 4 5 6 7 8 9 10 11 12 13 14 15 | 15.7
Necromancy     | 1 2 3 4 5 6 7 8 9 10 11 12 13 14 15 | 15.7
Translocations | 1 2 3 4 5 6 7 8 9 10 11 12 13 14 15 | 15.7
Transmutations | 1 2 3 4 5 6 7 8 9 10 11 12 13 14 15 | 15.7
Fire Magic     | 1 2 3 4 5 6 7 8 9 10 11 12 13 14 15 | 15.7
Ice Magic      | 1 2 3 4 5 6 7 8 9 10 11 12 13 14 15 | 15.7
Air Magic      | 1 2 3 4 5 6 7 8 9 10 11 12 13 14 15 | 15.7
Earth Magic    | 1 2 3 4 5 6 7 8 9 10 11 12 13 14 15 | 15.7
Poison Magic   | 1 2 3 4 5 6 7 8 9 10 11 12 13 14 15 | 15.7
Dodging        | 3 4 5 6 7 8 9 10 11 12 13 14 15 16 17 18 | 18.3
Armour         | 5 6 7 8 9 10 11 12 13 14 15 16 17 18 | 18.6
Fighting       | 7 8 9 10 11 12 13 14 15 16 17 19 | 19.0
Maces & Flails | 7 8 9 10 11 12 13 14 15 16 17 19 | 19.0

Action                   |  1- 3 |  4- 6 |  7- 9 | 10-12 | 13-15 | 16-18 | 19-21 | 22-24 | 25-27 || total
-------------------------+-------+-------+-------+-------+-------+-------+-------+-------+-------++-------
Melee: Mace              |    54 |   196 |   432 |       |       |       |       |       |       ||   682
       Bite              |     2 |    17 |    61 |   163 |   267 |   234 |   301 |   329 |   324 ||  1698
       Punch             |       |     1 |     4 |       |       |       |       |       |       ||     5
       Demon blade       |       |       |   155 |   447 |  1661 |  1882 |  1949 |  2235 |  1984 || 10313
       Staff             |       |       |     4 |   645 |       |       |       |       |       ||   649
       Headbutt          |       |       |       |   137 |   295 |   107 |       |       |       ||   539
       Unarmed           |       |       |       |    16 |       |       |       |       |       ||    16
       Kick              |       |       |       |       |   305 |   316 |   709 |   212 |       ||  1542
Throw: Javelin           |       |       |       |       |       |     1 |       |       |       ||     1
 Cast: Sticky Flame      |       |       |       |    20 |     2 |    15 |       |       |       ||    37
       Petrify           |       |       |       |     4 |       |       |       |       |       ||     4
       Regeneration      |       |       |       |       |     2 |     3 |    23 |    50 |    11 ||    89
       Spectral Weapon   |       |       |       |       |     1 |     4 |    31 |    50 |    10 ||    96
       Mephitic Cloud    |       |       |       |       |       |    53 |     2 |     1 |       ||    56
       Animate Dead      |       |       |       |       |       |     8 |       |       |     2 ||    10
       Summon Mana Viper |       |       |       |       |       |       |       |    20 |    14 ||    34
       Statue Form       |       |       |       |       |       |       |       |     2 |    51 ||    53
       Borgnjor's Vile C |       |       |       |       |       |       |       |     3 |    23 ||    26
       Ignition          |       |       |       |       |       |       |       |       |    28 ||    28
 Abil: Evoke Berserk Rag |       |       |       |     1 |    20 |    12 |       |       |       ||    33
       End Transformatio |       |       |       |       |       |       |       |       |     2 ||     2
Evoke: Wand              |       |       |     1 |    21 |    47 |    39 |     5 |     2 |     9 ||   124
       Lightning rod     |       |       |       |       |       |     2 |     6 |     5 |     4 ||    17
       Phial of floods   |       |       |       |       |       |       |       |     3 |       ||     3
       Lamp of fire      |       |       |       |       |       |       |       |     2 |     3 ||     5
       Fan of gales      |       |       |       |       |       |       |       |     1 |       ||     1
  Use: Scroll            |       |     4 |    14 |    12 |    13 |    19 |    11 |    19 |     7 ||    99
       Potion            |       |     4 |    10 |     3 |       |     6 |     2 |     3 |    12 ||    40
 Stab: Sleeping          |       |     2 |     4 |    10 |       |       |     9 |     2 |     3 ||    30
       Petrified         |       |       |     5 |       |     4 |       |       |     2 |       ||    11
       Distracted        |       |       |     1 |     2 |       |     4 |     8 |     9 |    12 ||    36
       Confused          |       |       |     3 |     1 |     3 |    37 |    20 |    18 |     4 ||    86
       Invisible         |       |       |     5 |       |    12 |       |     2 |       |     7 ||    26
       Paralysed         |       |       |     3 |     2 |     8 |     7 |       |     3 |       ||    23
       Betrayed ally     |       |       |       |       |       |     1 |       |       |       ||     1
       Petrifying        |       |       |       |       |       |       |       |     2 |       ||     2
  Eat: Chunk             |       |     6 |    10 |    22 |    38 |    27 |    11 |    13 |    10 ||   137
       Ration            |       |       |     1 |     6 |     8 |     9 |     6 |     9 |    13 ||    52
Armor: Leather armour    |    16 |    56 |       |       |       |       |       |       |       ||    72
       Troll leather arm |       |    31 |   207 |       |       |       |     8 |     1 |       ||   247
       Skin              |       |       |    70 |       |       |       |       |       |   344 ||   414
       Robe              |       |       |     1 |   123 |       |       |       |       |       ||   124
       Plate armour      |       |       |       |    65 |   696 |  1232 |   469 |   913 |   419 ||  3794
Dodge: Dodged            |    31 |   181 |   418 |   695 |   630 |   627 |   444 |   713 |  1177 ||  4916
       Deflected         |       |       |       |       |       |    31 |    38 |    58 |    66 ||   193
Block: Buckler           |       |       |    67 |   316 |    45 |       |       |       |       ||   428
       Shield            |       |       |       |       |   918 |  1899 |  1245 |  1654 |  1721 ||  7437
       Reflection        |       |       |       |       |       |   139 |    66 |       |       ||   205
       Rpst.: Demon blade |       |       |    24 |    80 |   130 |   107 |   101 |   131 |   203 ||   776

Table legend:
 A = Spawn XP
 B = Non-spawn XP
 C = Spawn XP percentage of total XP
 D = Spawn monster count
 E = Non-spawn monster count
 F = Spawn count percentage of total count
 G = Total turns spent on level
                    A         B        C        D         E        F      G
               +---------+---------+-------+---------+---------+-------+---------
         Total |   14861 | 1568817 |   0.9 |      29 |    2511 |   1.1 | 74276
               +---------+---------+-------+---------+---------+-------+---------
           D:1 |       0 |      18 |   0.0 |       0 |      10 |   0.0 |   596
           D:2 |       0 |     112 |   0.0 |       0 |      23 |   0.0 |   813
           D:3 |       0 |     312 |   0.0 |       0 |      31 |   0.0 |   912
           D:4 |       0 |     351 |   0.0 |       0 |      38 |   0.0 |  1402
           D:5 |       0 |     728 |   0.0 |       0 |      20 |   0.0 |   651
           D:6 |       0 |     899 |   0.0 |       0 |      25 |   0.0 |   855
           D:7 |       0 |    1618 |   0.0 |       0 |      23 |   0.0 |  1413
           D:8 |       0 |    3747 |   0.0 |       0 |      45 |   0.0 |  1785
           D:9 |       0 |    2743 |   0.0 |       0 |      69 |   0.0 |  1952
          D:10 |       0 |    4090 |   0.0 |       0 |      27 |   0.0 |  1427
          D:11 |       0 |    7492 |   0.0 |       0 |      51 |   0.0 |  1544
          D:12 |       0 |   10079 |   0.0 |       0 |      40 |   0.0 |  1127
          D:13 |       0 |   12588 |   0.0 |       0 |      34 |   0.0 |  1171
          D:14 |       0 |    8466 |   0.0 |       0 |      25 |   0.0 |  1216
          D:15 |       0 |   16601 |   0.0 |       0 |      35 |   0.0 |   845
        Lair:1 |       0 |    3358 |   0.0 |       0 |      14 |   0.0 |  2091
        Lair:2 |       0 |    4739 |   0.0 |       0 |      20 |   0.0 |  1490
        Lair:3 |       0 |    2225 |   0.0 |       0 |      11 |   0.0 |   596
        Lair:4 |       0 |    6937 |   0.0 |       0 |      31 |   0.0 |  1881
        Lair:5 |       0 |    4848 |   0.0 |       0 |      25 |   0.0 |  1924
        Lair:6 |       0 |   18085 |   0.0 |       0 |      59 |   0.0 |  1720
      Shoals:1 |       0 |    9957 |   0.0 |       0 |      19 |   0.0 |  1079
      Shoals:2 |       0 |   21840 |   0.0 |       0 |      37 |   0.0 |  1456
      Shoals:3 |       0 |   26000 |   0.0 |       0 |      54 |   0.0 |  1349
      Shoals:4 |       0 |   38941 |   0.0 |       0 |      76 |   0.0 |  1753
      Spider:1 |       0 |   12159 |   0.0 |       0 |      34 |   0.0 |   989
      Spider:2 |       0 |   26544 |   0.0 |       0 |      43 |   0.0 |  1565
      Spider:3 |       0 |   10010 |   0.0 |       0 |      20 |   0.0 |   753
      Spider:4 |       0 |   37138 |   0.0 |       0 |      83 |   0.0 |  2804
         Orc:1 |       0 |    4878 |   0.0 |       0 |      45 |   0.0 |  1279
         Orc:2 |       0 |    6067 |   0.0 |       0 |      56 |   0.0 |  1451
         Elf:1 |       0 |   35194 |   0.0 |       0 |      62 |   0.0 |  1055
         Elf:2 |       0 |   33242 |   0.0 |       0 |      51 |   0.0 |  1182
         Elf:3 |       0 |   48227 |   0.0 |       0 |      48 |   0.0 |  1955
      Vaults:1 |       0 |   51585 |   0.0 |       0 |     103 |   0.0 |  2138
      Vaults:2 |       0 |   37927 |   0.0 |       0 |      84 |   0.0 |  1432
      Vaults:3 |       0 |   44136 |   0.0 |       0 |      77 |   0.0 |  1640
      Vaults:4 |       0 |   76107 |   0.0 |       0 |      91 |   0.0 |  2347
      Vaults:5 |       0 |  147022 |   0.0 |       0 |     125 |   0.0 |  1397
      Depths:1 |       0 |   17845 |   0.0 |       0 |      29 |   0.0 |   836
      Depths:2 |       0 |   47916 |   0.0 |       0 |      54 |   0.0 |  1661
      Depths:3 |       0 |  126769 |   0.0 |       0 |     126 |   0.0 |  2454
      Depths:4 |       0 |   94853 |   0.0 |       0 |      90 |   0.0 |  2232
      Depths:5 |       0 |   80780 |   0.0 |       0 |      74 |   0.0 |  2210
         Zot:1 |       0 |   68848 |   0.0 |       0 |      45 |   0.0 |  1725
         Zot:2 |       0 |   28472 |   0.0 |       0 |      17 |   0.0 |  1123
         Zot:3 |       0 |   29743 |   0.0 |       0 |      21 |   0.0 |  1145
         Zot:4 |       0 |   65311 |   0.0 |       0 |      40 |   0.0 |  1137
         Zot:5 |       0 |  182599 |   0.0 |       0 |      66 |   0.0 |  1484
       Abyss:4 |   14861 |    1587 |  90.4 |      29 |       7 |  80.6 |   369
         Sewer |       0 |     159 |   0.0 |       0 |       9 |   0.0 |   247
       Ossuary |       0 |     486 |   0.0 |       0 |      31 |   0.0 |   257
        Bailey |       0 |    4272 |   0.0 |       0 |      40 |   0.0 |   532
         IceCv |       0 |    4702 |   0.0 |       0 |      21 |   0.0 |   511
    Desolation |       0 |   37465 |   0.0 |       0 |      77 |   0.0 |  1298
               +---------+---------+-------+---------+---------+-------+---------
